 Dungeon Crawl Stone Soup version 0.30.0-20-g3615ddf2f0 (webtiles) character file.

Game seed: 8644997490961166731

418943 qw the Impregnable (level 23, -28/160 HPs)
             Began as a Gargoyle Fighter on May 30, 2023.
             Was a High Priest of Okawaru.
             Killed from afar by a living spell (36 damage)
             ... with a crystal spear
             ... summoned by a walking crystal tome
             ... on level 3 of the Depths.
             The game lasted 00:35:42 (46578 turns).

qw the Impregnable (Gargoyle Fighter)              Turns: 46578, Time: 00:35:43

Health: -28/160    AC: 65    Str: 33      XL:     23   Next: 66%
Magic:  30/30      EV: 18    Int:  9 (10) God:    Okawaru [*****.]
Gold:   1295       SH: 31    Dex: 13 (14) Spells: 22/22 levels left

rFire   + + .        B - +5 broad axe "Pakkoah" {speed, rElec Str+3}
rCold   + . .        H - +2 tower shield {AC+3}
rNeg    + . .        n - +1 gold dragon scales
rPois   inf          J - +2 helmet of Ru's Supremacy {rF+ Dex+5}
rElec   +            s - +2 cloak
rCorr   .            w - +2 pair of gloves of Existentialism {rElec Regen+ Stlth+}
SInv    +            p - +2 pair of boots
Will    +....        f - amulet of reflection Stlth
                     t - ring of see invisible
HPRegen 1.26/turn    j - +5 ring of evasion
MPRegen 0.22/turn

%: reflection
@: about to teleport, heroic, flying, slowed, very slow
A: sickness immunity, AC +17, big wings, negative energy resistance 1,
electricity resistance, torment resistance 1, petrification resistance,
deterioration 1
}: 2/15 runes: barnacled, gossamer
a: Renounce Religion, Heroism, Finesse, Duel


You were on level 3 of the Depths.
You worshipped Okawaru.
Okawaru was extremely pleased with you.
You visited 8 branches of the dungeon, and saw 38 of its levels.
You visited the Abyss 2 times.
You also visited: Sewer and Ossuary.

You collected 5014 gold pieces.
You spent 3719 gold pieces at shops.


Innate Abilities, Weirdness & Mutations

You are immune to sickness and miasma.
Your stone body is resilient. (AC +17)
You are immune to poison.
Your large and strong wings let you fly.
You resist negative energy. (rN+)
You are resistant to electric shocks. (rElec)
You are resistant to unholy torment.
You are immune to petrification.
Your body sometimes deteriorates upon taking damage.


   Skills:
 - Level 21.0(26.0) Fighting
 - Level 18.0(23.0) Axes
 - Level 11.1(16.1) Throwing
 - Level 22.0(27) Armour
 + Level 7.8(12.8) Dodging
 - Level 21.0(26.0) Shields
 - Level 10.0 Invocations


You had 22 spell levels left.
You didn't know any spells.
Your spell library was empty.

Inventory:

Hand Weapons
 e - the +1 broad axe "Vublon" {holy, rCorr Int+3 Stlth+}
   (You acquired it on level 2 of the Spider Nest)

   Int:       It affects your intelligence (+3).
   rCorr:     It protects you from acid and corrosion.
   Stlth:     It makes you more stealthy.
 B - the +5 broad axe "Pakkoah" (weapon) {speed, rElec Str+3}
   (You bought it in a shop on level 2 of the Orcish Mines)

   Str:       It affects your strength (+3).
   rElec:     It insulates you from electricity.
Missiles
 b - 44 boomerangs
 D - 4 silver boomerangs (quivered)
Armour
 n - +1 gold dragon scales (worn)
 p - a +2 pair of boots (worn)
 r - the +1 hat "Ivviakoa" {rElec MP-9 Dex+6 SInv}
   (Okawaru gifted it to you on level 4 of the Vaults)

   Dex:       It affects your dexterity (+6).
   rElec:     It insulates you from electricity.
   MP:        It affects your magic capacity (-9).
   SInv:      It lets you see invisible.
 s - a +2 cloak (worn)
 w - the +2 pair of gloves of Existentialism (worn) {rElec Regen+ Stlth+}
   (Okawaru gifted it to you on level 14 of the Dungeon)

   rElec:     It insulates you from electricity.
   Regen:     It increases your rate of health regeneration.
   Stlth:     It makes you more stealthy.
 F - a +8 plate armour of ponderousness
 H - a +2 tower shield of protection (worn)
 I - a +0 crystal plate armour
 J - the +2 helmet of Ru's Supremacy (worn) {rF+ Dex+5}
   (You found it on level 2 of the Depths)

   Dex:       It affects your dexterity (+5).
   rF:        It protects you from fire.
Jewellery
 f - an amulet of reflection (around neck)
 j - a +5 ring of evasion (right hand)
 t - a ring of see invisible (left hand)
 v - a +6 ring of strength
 x - a ring of protection from fire
Scrolls
 a - 29 scrolls of identify
 g - 12 scrolls of teleportation
 y - 2 scrolls of enchant weapon
Potions
 c - 4 potions of mutation
 d - 11 potions of might
 h - 7 potions of magic
 i - 7 potions of haste
 k - 5 potions of lignification
 l - 27 potions of curing
 m - 6 potions of attraction
 o - 5 potions of cancellation
 u - 4 potions of heal wounds
 E - 3 potions of resistance

Dungeon Overview and Level Annotations

Branches:
Dungeon (15/15)            Temple (1/1) D:5            Lair (5/5) D:8
 Shoals (4/4) Lair:2       Spider (4/4) Lair:2        Slime (0/5) Lair:5
    Orc (2/2) D:9             Elf (0/3) Orc:2        Vaults (4/5) D:13
  Crypt (0/3) Vaults:2     Depths (3/4) D:15          Sewer (visited)
Ossuary (visited)

Altars:
Ashenzari
Cheibriados
Dithmenos
Elyvilon
Fedhas
Gozag
Hepliaklqana
Kikubaaqudgha
Makhleb
Nemelex Xobeh
Okawaru
Qazlal
Ru
Sif Muna
Trog
Uskayaw
Vehumet
Wu Jian
Xom
Yredelemnul
Zin
The Shining One
Jiyva

Shops:
D:1 :?(*=   D:12 [   Orc:2 [(([   Vaults:3 [   Vaults:4 !   Depths:2 (!

Portals:
Hell: Depths:1 Depths:2
Abyss: Depths:1
Pandemonium: Depths:2
Ziggurat: Depths:1
Trove: D:14 (give +4 ice dragon scales)

Annotations:
D:10 6 transporters
Lair:5 1 runed translucent door
Orc:2 2 transporters, qw's ghost, adept GrFi
Vaults:3 3 runed translucent doors, qw's ghost, adept GrFi
Depths:1 1 runed translucent door


Message History

Okawaru accepts your kill. The living spell casts itself at you.
You block crystal spear... and reflect it back!
The crystal spear hits the living spell!!!
You destroy the living spell!
The walking crystal tome erupts in a flurry of living spells!
The living spell casts itself at you. The crystal spear hits you!!!
Things that are here:
4 large rocks; a stone giant corpse The living spell casts itself at you.
You block crystal spear... and reflect it back!
The crystal spear hits the living spell!!!
You destroy the living spell!
The living spell casts itself at you. The crystal spear hits you!!
Your body deteriorates!
You feel clumsy.
The walking crystal tome erupts in a flurry of living spells!
The living spell casts itself at you. The crystal spear hits you!
You hit the living spell.
You destroy the living spell!
You slice the living spell!!
You destroy the living spell!
The walking crystal tome erupts in a flurry of living spells!
You slice the living spell!!
You destroy the living spell!
The living spell casts itself at you. The crystal spear hits you!!!
The living spell casts itself at you.
You block crystal spear... and reflect it back!
The crystal spear hits the living spell!!!!
You destroy the living spell!
46578 ||| READING 13 scrolls of teleportation.
As you read the scroll of teleportation, it crumbles to dust.
You feel strangely unstable.
The walking crystal tome erupts in a flurry of living spells!
The living spell casts itself at you. The crystal spear hits you!!!
You die...

#### #. ... ..... #
###.#.###.###.. .....
.#......##...##.# ......
#.##..........#.##......
..##.............#**....
..##..#...##......*.*...
..%...#....#......;.....
##..............@...#
###...........(..#......
# #.......|#..)..# .....
..#........)(%#.........
.....[.....(............
.....%..................
#....%.%.............. .
#...........##..#.....
#..............##.....


You could see a walking crystal tome and 4 living crystal spells.

Vanquished Creatures
  Mara (Shoals:3)
  Mennas (Vaults:4)
  2 juggernauts (Depths:3)
  4 golden dragons
  2 caustic shrikes
  Arachne (Spider:3)
  4 walking crystal tomes
  A hellephant (Abyss:3)
  3 tentacled monstrosities
  Rupert (D:13)
  5 liches
  Mlioglotl (Shoals:1)
  2 titans
  A walking frostbound tome (Depths:2)
  5 tentacled starspawn
  A quicksilver dragon (Depths:3)
  2 krakens
  Gastronok (Lair:2)
  Kirke (D:14)
  4 sphinxes
  3 shadow dragons
  5 tengu reavers
  Ilsuiw (Shoals:2)
  4 fire giants
  10 vault wardens
  3 emperor scorpions
  9 frost giants
  Louise (D:15)
  A ghoul (Vaults:2)
  6 ghost moths
  An iron dragon (Depths:3)
  16 ironbound preservers
  6 ironbound thunderhulks
  2 orc warlords
  A spriggan defender (Depths:2)
  6 war gargoyles
  25 very ugly things
  2 broodmothers (Spider:4)
  A vampire knight (Depths:3)
  11 stone giants
  17 spark wasps
  20 dire elephants
  12 merfolk impalers
  Snorg (Orc:1)
  3 crystal guardians
  6 merfolk javelineers
  3 fire dragons
  2 ettins
  11 great orbs of eyes
  Josephine (D:15)
  7 hydras
  6 vault guards
  9 yaktaur captains
  5 entropy weavers
  3 ice dragons
  Erolcha (D:13)
  5 rakshasas
  A spriggan air mage (Depths:2)
  2 jorogumos (Spider:4)
  7 peacekeepers
  An alligator snapping turtle (shapeshifter) (Depths:3)
  2 ogre magi
  9 boulder beetles
  An ice dragon (shapeshifter) (Depths:2)
  11 merfolk aquamancers
  A catoblepas (Lair:2)
  2 alligator snapping turtles
  4 ironbound frosthearts
  5 merfolk avatars
  5 death yaks (Lair:5)
  An anaconda (shapeshifter) (Vaults:4)
  8 radroaches (Spider:4)
  12 two-headed ogres
  A tengu warrior (D:15)
  14 centaur warriors
  2 satyrs (Shoals:3)
  3 vampire magi
  A death scarab (Spider:3)
  2 deep troll earth magi
  4 deep troll shamans
  7 thrashing horrors
  3 large abominations
  5 iron trolls (Depths:2)
  2 orc high priests (Orc:2)
  7 hell knights
  A skyshark (shapeshifter) (Depths:2)
  2 sixfirhies
  3 sun moths (Spider:4)
  4 skysharks
  A wretched star (Abyss:3)
  7 sea snakes
  A spatial maelstrom (Abyss:2)
  10 skeletal warriors
  Amaemon (Lair:2)
  A shadow demon (Depths:2)
  10 pharaoh ants
  44 deep trolls
  4 flayed ghosts
  A glowing orange brain (Depths:1)
  7 steelbarb worms
  9 orb spiders
  10 lindwurms
  28 harpies
  17 ironbound convokers
  4 necromancers
  A phantasmal warrior (Vaults:1)
  12 wizards
  2 deep elf pyromancers
  7 orc knights
  13 manticores
  23 wolf spiders
  2 tengu skeletons (D:15)
  A manticore (shapeshifter) (Depths:3)
  4 orc sorcerers
  46 ugly things
  9 cyclopes
  3 moths of wrath
  14 fauns
  7 black mambas
  11 merfolk sirens
  7 demonic crawlers
  11 water nymphs
  15 vault sentinels
  3 elephants (Lair:5)
  A guardian serpent (Lair:5)
  A gargoyle (D:12)
  An orange demon (Lair:2)
  An apocalypse crab (Abyss:2)
  A smoke demon (Depths:2)
  Maggie (D:7)
  4 torpor snails
  16 cane toads
  5 rime drakes
  3 efreet
  2 kobold demonologists (D:13)
  2 ice devils
  6 komodo dragons
  22 yaktaurs
  41 merfolk
  2 ancient zymes
  2 tengu conjurers (D:15)
  14 trolls
  4 polar bears
  6 meliai
  7 wind drakes
  A hellwing (Depths:2)
  Prince Ribbit (D:6)
  32 tarantellas
  9 dream sheep
  3 hornets (Lair:5)
  A spriggan zombie (D:15)
  13 blink frogs
  28 jumping spiders
  12 snapping turtles
  An ettin skeleton (D:15)
  14 wyverns
  42 slime creatures
  A spriggan (shapeshifter) (D:14)
  2 shadows
  13 water elementals
  20 culicivoras
  An elf skeleton (Vaults:3)
  12 wraiths
  5 hogs (D:14)
  Eustachio (D:4)
  2 ynoxinuls
  A vampire (D:11)
  49 yaks
  3 basilisks
  7 vampire mosquitoes
  A neqoxec (Abyss:3)
  A steam dragon (Lair:4)
  Menkaure (D:6)
  4 wargs (Orc:2)
  51 redbacks
  A warg (shapeshifter) (D:13)
  2 small abominations (Abyss:3)
  A glowing shapeshifter zombie (Vaults:3)
  24 water moccasins
  A floating eye (Depths:2)
  38 orc warriors
  2 ice beasts
  2 sky beasts
  2 black bears
  4 boggarts (Vaults:4)
  18 wolves
  11 starcursed masses
  12 ogres
  13 centaurs
  2 elf zombies (Ossuary)
  4 kobold brigands
  3 scorpions
  2 gnoll sergeants (D:12)
  13 bullfrogs
  3 wights (D:8)
  7 killer bees (D:9)
  A howler monkey (D:5)
  11 electric eels
  7 jellies
  30 orc priests
  4 human zombies
  2 gnoll boudas
  4 hounds
  An iron imp (Abyss:2)
  3 iguanas (D:5)
  25 orc wizards
  A sleepcap (D:5)
  2 mummies (Ossuary)
  9 adders
  19 gnolls
  5 river rats (Sewer)
  5 white imps
  An ufetubus (Abyss:2)
  2 adder zombies (Ossuary)
  4 worms
  4 dart slugs
  156 orcs
  6 bats
  6 endoplasms
  3 giant cockroaches
  6 goblins
  8 hobgoblins
  7 jackals
  2 quokkas
  14 ball pythons
  7 frilled lizards
  A goblin zombie (Ossuary)
  11 hobgoblin zombies (Ossuary)
  35 kobolds
  8 kobold zombies (Ossuary)
  7 orc zombies (Ossuary)
  17 rats
  2 rat zombies (Ossuary)
  5 starspawn tentacles
  7 tentacles
1835 creatures vanquished.

Vanquished Creatures (others)
  A thrashing horror (Abyss:3)
  A wizard (Depths:3)
  A deep elf pyromancer (D:13)
  A tengu conjurer (D:15)
  A vampire mosquito (D:13)
  A kobold (D:9)
  A butterfly (Lair:5)
  5 starspawn tentacles
  5 tentacles (Shoals:1)
17 creatures vanquished.

Grand Total: 1852 creatures vanquished

Notes
Turn   | Place    | Note
-------+----------+-------------------------------------------
     0 | D:1      | qw the Gargoyle Fighter began the quest for the Orb.
     0 | D:1      | Reached XP level 1. HP: 14/14 MP: 1/1
     0 | D:1      | 0 ||| qw: Version: 0.2-a-102-g2b76a06
     0 | D:1      | 0 ||| qw: Game counter: 462
     0 | D:1      | 0 ||| qw: Always use a shield: true
     0 | D:1      | 0 ||| qw: God list: Okawaru
     0 | D:1      | 0 ||| qw: Allow faded altars: false
     0 | D:1      | 0 ||| qw: Do Orc after D:15 true
     0 | D:1      | 0 ||| qw: Do second Lair branch before Depths: true
     0 | D:1      | 0 ||| qw: Lair rune preference: random
     0 | D:1      | 0 ||| qw: Plans: Normal, Zot:1-4, Slime:5, God:TSO, Crypt,
                  | Tomb, Pan, Hells, Abyss, Win
     0 | D:1      | 0 ||| PLANNING D:1-11
   253 | D:1      | 253 ||| READING 2 scrolls labelled MOKIEM BUDOI.
   254 | D:1      | 254 ||| READING scroll labelled BOUMIG WYRR.
   255 | D:1      | 255 ||| READING scroll labelled XAD CYL ULOA.
   256 | D:1      | 256 ||| READING scroll labelled NEMESEFUTI.
   350 | D:1      | Found Seiw's Assorted Antiques.
   372 | D:1      | 372 ||| SHOPLISTING 2 inky potions (36 gold, have 22).
   372 | D:1      | 372 ||| SHOPLISTING 2 scrolls labelled XIOFIODD CUDA (40
                  | gold, have 22).
   372 | D:1      | 372 ||| SHOPLISTING 2 smoky orange potions (36 gold, have
                  | 22).
   372 | D:1      | 372 ||| BUYING golden potion (18 gold).
   372 | D:1      | Bought a golden potion for 18 gold pieces
   372 | D:1      | 372 ||| SHOPLISTING runed orb (240 gold, have 4).
   372 | D:1      | 372 ||| SHOPLISTING scroll labelled XIOFIODD CUDA (20 gold,
                  | have 4).
   372 | D:1      | 372 ||| SHOPLISTING shiny orb (240 gold, have 4).
   472 | D:1      | Reached XP level 2. HP: 19/19 MP: 2/2
   733 | D:1      | Found Bexzaw's Magic Scroll Shop.
   737 | D:1      | 737 ||| SHOPLISTING scroll of enchant armour (82 gold, have
                  | 37).
   737 | D:1      | 737 ||| SHOPLISTING scroll of enchant weapon (82 gold, have
                  | 37).
   737 | D:1      | 737 ||| BUYING scroll of teleportation (33 gold).
   737 | D:1      | Bought a scroll of teleportation for 33 gold pieces
   737 | D:1      | 737 ||| SHOPLISTING scroll of teleportation (33 gold, have
                  | 4).
   792 | D:1      | Reached skill level 3 in Axes
   821 | D:1      | Found Ycres's Book Boutique.
   875 | D:1      | Reached XP level 3. HP: 23/23 MP: 3/3
   878 | D:1      | Found Ceassyeso's Weapon Boutique.
   882 | D:1      | 882 ||| SHOPLISTING +2 whip of draining (165 gold, have 6).
   882 | D:1      | 882 ||| SHOPLISTING +4 heavy war axe (283 gold, have 6).
  1118 | D:1      | Found Fuuseuzi's Jewellery Shoppe.
  1125 | D:1      | 1125 ||| SHOPLISTING +4 ring of protection (504 gold, have
                  | 6).
  1125 | D:1      | 1125 ||| SHOPLISTING amulet of the acrobat (420 gold, have
                  | 6).
  1125 | D:1      | 1125 ||| SHOPLISTING ring of fire (350 gold, have 6).
  1125 | D:1      | 1125 ||| SHOPLISTING ring of protection from cold (350
                  | gold, have 6).
  1125 | D:1      | 1125 ||| SHOPLISTING ring of protection from fire (350
                  | gold, have 6).
  1125 | D:1      | 1125 ||| SHOPLISTING ring of resist corrosion (280 gold,
                  | have 6).
  1413 | D:2      | 1413 ||| Stepping ~*~*~tactically~*~*~ (stealth).
  1438 | D:2      | 1438 ||| Stepping ~*~*~tactically~*~*~ (hiding).
  1440 | D:2      | 1440 ||| Stepping ~*~*~tactically~*~*~ (hiding).
  1442 | D:2      | 1442 ||| Stepping ~*~*~tactically~*~*~ (hiding).
  1897 | D:2      | Reached XP level 4. HP: 28/28 MP: 4/4
  1919 | D:2      | 1919 ||| Stepping ~*~*~tactically~*~*~ (stealth).
  2062 | D:2      | 2062 ||| READING scroll labelled CAIGYEDEMI.
  2063 | D:2      | 2063 ||| READING scroll labelled SULAEFFEMUI.
  2084 | D:2      | 2084 ||| READING scroll labelled EVAXAA IPPEMU.
  2085 | D:2      | 2085 ||| READING 2 scrolls of identify.
  2085 | D:2      | 2085 ||| IDENTIFYING golden potion
  2086 | D:2      | 2086 ||| DROPPING potion of invisibility.
  2106 | D:3      | 2106 ||| PLANNING SEWER
  2335 | D:3      | Reached XP level 5. HP: 29/32 MP: 5/5
  2530 | D:3      | Found a glowing drain.
  2531 | D:3      | 2531 ||| UPGRADING to +0 helmet.
  2536 | D:3      | 2536 ||| READING scroll labelled OGISISAHOPS.
  2537 | D:3      | 2537 ||| READING scroll labelled XETHUD DE QEP.
  2538 | D:3      | 2538 ||| DRINKING 2 smoky orange potions.
  2539 | D:3      | 2539 ||| READING 2 scrolls of identify.
  2539 | D:3      | 2539 ||| IDENTIFYING metallic cyan potion
  2540 | D:3      | 2540 ||| DROPPING potion of brilliance.
  2555 | D:3      | 2555 ||| Stepping ~*~*~tactically~*~*~ (water).
  2594 | Sewer    | Entered a sewer
  2625 | Sewer    | 2625 ||| Stepping ~*~*~tactically~*~*~ (water).
  2757 | Sewer    | 2757 ||| Stepping ~*~*~tactically~*~*~ (water).
  2924 | Sewer    | 2924 ||| READING scroll labelled QUFFISMIEMID.
  2925 | Sewer    | 2925 ||| READING 3 scrolls labelled RISAYH PYHAOVOJ.
  2926 | Sewer    | 2926 ||| READING scroll labelled HONUGUMUOZ.
  3027 | Sewer    | 3027 ||| READING scroll labelled BOWKUX JEPO.
  3028 | Sewer    | 3028 ||| DRINKING 2 sedimented yellow potions.
  3029 | Sewer    | 3029 ||| DROPPING 2 scrolls of poison.
  3080 | D:3      | 3080 ||| PLANNING D:1-11
  3471 | D:4      | Noticed Eustachio
  3490 | D:4      | Killed Eustachio
  3491 | D:4      | Reached XP level 6. HP: 21/38 MP: 6/6
  3630 | D:4      | Reached skill level 1 in Dodging
  3630 | D:4      | Reached XP level 7. HP: 43/43 MP: 7/7
  3890 | D:4      | 3890 ||| Stepping ~*~*~tactically~*~*~ (stealth).
  3892 | D:4      | 3892 ||| Stepping ~*~*~tactically~*~*~ (stealth).
  3897 | D:4      | 3897 ||| Stepping ~*~*~tactically~*~*~ (stealth).
  3898 | D:4      | 3898 ||| Stepping ~*~*~tactically~*~*~ (stealth).
  3900 | D:4      | 3900 ||| Stepping ~*~*~tactically~*~*~ (hiding).
  3949 | D:4      | 3949 ||| DROPPING +0 whip.
  4035 | D:4      | 4035 ||| UPGRADING to +0 chain mail.
  4045 | D:4      | 4045 ||| DROPPING +0 scale mail.
  4046 | D:4      | 4046 ||| UPGRADING to amulet of reflection.
  4051 | D:4      | 4051 ||| READING 2 scrolls labelled KUHOMED JOIT.
  4052 | D:4      | 4052 ||| DRINKING 2 lumpy pink potions.
  4053 | D:4      | 4053 ||| DROPPING scroll of amnesia.
  4068 | D:5      | Entered Level 5 of the Dungeon
  4097 | D:5      | Reached skill level 6 in Axes
  4434 | D:5      | 4434 ||| Stepping ~*~*~tactically~*~*~ (hiding).
  4580 | D:5      | 4580 ||| Stepping ~*~*~tactically~*~*~ (hiding).
  4581 | D:5      | 4581 ||| Stepping ~*~*~tactically~*~*~ (hiding).
  4739 | D:5      | 4739 ||| Stepping ~*~*~tactically~*~*~ (stealth).
  4935 | D:5      | Reached XP level 8. HP: 37/49 MP: 8/8
  5133 | D:5      | Found a radiant altar of Vehumet.
  5415 | D:5      | 5415 ||| Stepping ~*~*~tactically~*~*~ (hiding).
  5708 | D:5      | Found a staircase to the Ecumenical Temple.
  5709 | D:5      | 5709 ||| PLANNING TEMPLE
  5709 | D:5      | 5709 ||| UPGRADING to +0 pair of gloves.
  5714 | D:5      | 5714 ||| UPGRADING to +1 cloak.
  5719 | D:5      | 5719 ||| DRINKING 2 glowing inky potions.
  5720 | D:5      | 5720 ||| READING 3 scrolls of identify.
  5720 | D:5      | 5720 ||| IDENTIFYING clear potion
  5721 | D:5      | 5721 ||| READING 2 scrolls of identify.
  5721 | D:5      | 5721 ||| IDENTIFYING emerald potion
  5722 | D:5      | 5722 ||| DROPPING potion of degeneration.
  5723 | D:5      | 5723 ||| DROPPING potion of flight.
  5732 | Temple   | Entered the Ecumenical Temple
  5733 | Temple   | 5733 ||| PLANNING OKAWARU WORSHIP
  5739 | Temple   | Became a worshipper of Warmaster Okawaru
  5739 | Temple   | 5739 ||| PLANNING D:1-11
  5817 | D:6      | Reached skill level 4 in Armour
  5964 | D:6      | Reached skill level 6 in Fighting
  5968 | D:6      | Reached * piety under Okawaru
  6105 | D:6      | 6105 ||| Stepping ~*~*~tactically~*~*~ (stealth).
  6107 | D:6      | 6107 ||| Stepping ~*~*~tactically~*~*~ (stealth).
  6109 | D:6      | 6109 ||| INVOKING Heroism.
  6119 | D:6      | 6119 ||| Stepping ~*~*~tactically~*~*~ (stealth).
  6134 | D:6      | 6134 ||| FLEEEEING.
  6135 | D:6      | 6135 ||| FLEEEEING.
  6139 | D:6      | 6139 ||| FLEEEEING.
  6140 | D:6      | 6140 ||| FLEEEEING.
  6142 | D:6      | 6142 ||| STAIRDANCE
  6247 | D:6      | 6247 ||| Stepping ~*~*~tactically~*~*~ (hiding).
  6273 | D:6      | 6273 ||| Stepping ~*~*~tactically~*~*~ (stealth).
  6286 | D:6      | 6286 ||| Stepping ~*~*~tactically~*~*~ (stealth).
  6324 | D:6      | 6324 ||| Stepping ~*~*~tactically~*~*~ (stealth).
  6332 | D:6      | Reached XP level 9. HP: 54/55 MP: 9/9
  6341 | D:6      | 6341 ||| Stepping ~*~*~tactically~*~*~ (stealth).
  6351 | D:6      | Reached skill level 1 in Invocations
  6471 | D:6      | Noticed Menkaure
  6472 | D:6      | 6472 ||| Stepping ~*~*~tactically~*~*~ (hiding).
  6478 | D:6      | 6478 ||| INVOKING Heroism.
  6481 | D:6      | Killed Menkaure
  6482 | D:6      | Reached skill level 1 in Throwing
  6512 | D:6      | 6512 ||| INVOKING Heroism.
  6796 | D:6      | Noticed Prince Ribbit
  6797 | D:6      | 6797 ||| Stepping ~*~*~tactically~*~*~ (stealth).
  6799 | D:6      | 6799 ||| Stepping ~*~*~tactically~*~*~ (stealth).
  6800 | D:6      | 6800 ||| INVOKING Heroism.
  6811 | D:6      | Killed Prince Ribbit
  6812 | D:6      | Reached skill level 9 in Axes
  6812 | D:6      | Reached skill level 3 in Invocations
  6819 | D:6      | 6819 ||| INVOKING Heroism.
  6872 | D:6      | Found a snail-covered altar of Cheibriados.
  6956 | D:6      | 6956 ||| DROPPING orb of light.
  6957 | D:6      | 6957 ||| UPGRADING to ring of see invisible.
  6958 | D:6      | 6958 ||| READING 3 scrolls of identify.
  6958 | D:6      | 6958 ||| IDENTIFYING bubbling pink potion
  6959 | D:6      | 6959 ||| READING 2 scrolls of identify.
  6959 | D:6      | 6959 ||| IDENTIFYING fuming black potion
  6960 | D:6      | 6960 ||| DROPPING potion of berserk rage.
  6994 | D:7      | 6994 ||| PLANNING OSSUARY
  7012 | D:7      | Found a sand-covered staircase.
  7015 | D:7      | 7015 ||| INVOKING Heroism.
  7109 | D:7      | 7109 ||| UPGRADING to +0 plate armour.
  7119 | D:7      | 7119 ||| DROPPING +0 chain mail.
  7128 | Ossuary  | Entered an ossuary
  7196 | Ossuary  | 7196 ||| Stepping ~*~*~tactically~*~*~ (stealth).
  7227 | Ossuary  | 7227 ||| Stepping ~*~*~tactically~*~*~ (stealth).
  7229 | Ossuary  | 7229 ||| Stepping ~*~*~tactically~*~*~ (stealth).
  7256 | Ossuary  | Reached skill level 5 in Armour
  7328 | Ossuary  | 7328 ||| Stepping ~*~*~tactically~*~*~ (stealth).
  7329 | Ossuary  | 7329 ||| Stepping ~*~*~tactically~*~*~ (stealth).
  7429 | Ossuary  | 7429 ||| Stepping ~*~*~tactically~*~*~ (stealth).
  7451 | Ossuary  | 7451 ||| DRINKING 3 smoky clear potions.
  7452 | Ossuary  | 7452 ||| READING 3 scrolls of identify.
  7452 | Ossuary  | 7452 ||| IDENTIFYING murky emerald potion
  7453 | Ossuary  | 7453 ||| READING 2 scrolls of identify.
  7453 | Ossuary  | 7453 ||| IDENTIFYING lumpy coppery potion
  7454 | Ossuary  | 7454 ||| DROPPING potion of ambrosia.
  7468 | D:7      | 7468 ||| PLANNING D:1-11
  7469 | D:7      | Reached ** piety under Okawaru
  7470 | D:7      | Reached skill level 6 in Armour
  7476 | D:7      | Found a basalt altar of Yredelemnul.
  7497 | D:7      | 7497 ||| Stepping ~*~*~tactically~*~*~ (hiding).
  7500 | D:7      | 7500 ||| INVOKING Heroism.
  7603 | D:7      | 7603 ||| Stepping ~*~*~tactically~*~*~ (hiding).
  7619 | D:7      | Noticed Maggie
  7620 | D:7      | 7620 ||| Stepping ~*~*~tactically~*~*~ (hiding).
  7626 | D:7      | 7626 ||| INVOKING Heroism.
  7633 | D:7      | Killed Maggie
  7634 | D:7      | Reached XP level 10. HP: 29/64 MP: 10/13
  7636 | D:7      | 7636 ||| FLEEEEING.
  7984 | D:7      | 7984 ||| FLEEEEING.
  7985 | D:7      | 7985 ||| FLEEEEING.
  7986 | D:7      | 7986 ||| FLEEEEING.
  7987 | D:7      | 7987 ||| FLEEEEING.
  7988 | D:7      | 7988 ||| FLEEEEING.
  7989 | D:7      | 7989 ||| FLEEEEING.
  7990 | D:7      | 7990 ||| FLEEEEING.
  7991 | D:7      | 7991 ||| FLEEEEING.
  8133 | D:7      | 8133 ||| INVOKING Heroism.
  8168 | D:7      | Found a shadowy altar of Dithmenos.
  8473 | D:8      | 8473 ||| Stepping ~*~*~tactically~*~*~ (stealth).
  8474 | D:8      | 8474 ||| Stepping ~*~*~tactically~*~*~ (stealth).
  8478 | D:8      | 8478 ||| Stepping ~*~*~tactically~*~*~ (stealth).
  8485 | D:8      | 8485 ||| Stepping ~*~*~tactically~*~*~ (stealth).
  8488 | D:8      | 8488 ||| Stepping ~*~*~tactically~*~*~ (stealth).
  8490 | D:8      | 8490 ||| Stepping ~*~*~tactically~*~*~ (hiding).
  8491 | D:8      | 8491 ||| Stepping ~*~*~tactically~*~*~ (hiding).
  8492 | D:8      | 8492 ||| Stepping ~*~*~tactically~*~*~ (hiding).
  8493 | D:8      | 8493 ||| Stepping ~*~*~tactically~*~*~ (hiding).
  8494 | D:8      | 8494 ||| Stepping ~*~*~tactically~*~*~ (hiding).
  8603 | D:8      | 8603 ||| Stepping ~*~*~tactically~*~*~ (stealth).
  8613 | D:8      | 8613 ||| Stepping ~*~*~tactically~*~*~ (hiding).
  8614 | D:8      | 8614 ||| Stepping ~*~*~tactically~*~*~ (hiding).
  8615 | D:8      | 8615 ||| Stepping ~*~*~tactically~*~*~ (hiding).
  8828 | D:8      | 8828 ||| INVOKING Heroism.
  8908 | D:8      | 8908 ||| READING scroll of brand weapon.
  8908 | D:8      | 8908 ||| BRANDING +1 war axe of venom.
  8998 | D:8      | 8998 ||| INVOKING Heroism.
  9012 | D:8      | 9012 ||| FLEEEEING.
  9013 | D:8      | 9013 ||| FLEEEEING.
  9014 | D:8      | 9014 ||| FLEEEEING.
  9015 | D:8      | 9015 ||| FLEEEEING.
  9016 | D:8      | 9016 ||| FLEEEEING.
  9017 | D:8      | 9017 ||| FLEEEEING.
  9018 | D:8      | 9018 ||| STAIRDANCE
  9041 | D:7      | 9041 ||| UPGRADING to +0 pair of boots.
  9050 | D:8      | Reached skill level 7 in Armour
  9071 | D:8      | 9071 ||| INVOKING Heroism.
  9090 | D:8      | Found a staircase to the Lair.
  9097 | D:8      | 9097 ||| INVOKING Heroism.
  9112 | D:8      | 9112 ||| Stepping ~*~*~tactically~*~*~ (water).
  9116 | D:8      | 9116 ||| INVOKING Heroism.
  9283 | D:8      | Reached skill level 8 in Armour
  9335 | D:8      | 9335 ||| INVOKING Heroism.
  9587 | D:8      | 9587 ||| PLANNING LAIR
  9622 | Lair:1   | Entered Level 1 of the Lair of Beasts
  9674 | Lair:1   | 9674 ||| FLEEEEING.
  9675 | Lair:1   | 9675 ||| Stepping ~*~*~tactically~*~*~ (hiding).
  9676 | Lair:1   | 9676 ||| Stepping ~*~*~tactically~*~*~ (hiding).
  9764 | Lair:1   | 9764 ||| INVOKING Heroism.
  9785 | Lair:1   | Reached *** piety under Okawaru
  9787 | Lair:1   | Reached XP level 11. HP: 48/68 MP: 14/14
  9788 | Lair:1   | 9788 ||| INVOKING Heroism.
  9917 | Lair:1   | 9917 ||| INVOKING Heroism.
  9930 | Lair:1   | Reached skill level 9 in Fighting
  9944 | Lair:1   | 9944 ||| INVOKING Heroism.
  9961 | Lair:1   | 9961 ||| INVOKING Heroism.
 10137 | Lair:1   | 10137 ||| INVOKING Heroism.
 10321 | Lair:1   | Reached skill level 9 in Armour
 10477 | Lair:2   | Noticed a catoblepas
 10478 | Lair:2   | 10478 ||| INVOKING Heroism.
 10485 | Lair:2   | Killed a catoblepas
 10499 | Lair:2   | 10499 ||| INVOKING Heroism.
 10548 | Lair:2   | Noticed Gastronok
 10549 | Lair:2   | 10549 ||| Stepping ~*~*~tactically~*~*~ (hiding).
 10550 | Lair:2   | 10550 ||| Stepping ~*~*~tactically~*~*~ (hiding).
 10554 | Lair:2   | 10554 ||| INVOKING Heroism.
 10555 | Lair:2   | 10555 ||| Stepping ~*~*~tactically~*~*~ (stealth).
 10566 | Lair:2   | Killed Gastronok
 10566 | Lair:2   | Reached **** piety under Okawaru
 10567 | Lair:2   | Reached skill level 12 in Axes
 10663 | Lair:2   | Found a hole to the Spider Nest.
 10663 | Lair:2   | Noticed a pharaoh ant
 10664 | Lair:2   | 10664 ||| INVOKING Heroism.
 10667 | Lair:2   | 10667 ||| Stepping ~*~*~tactically~*~*~ (stealth).
 10670 | Lair:2   | Killed a pharaoh ant
 10696 | Lair:2   | 10696 ||| DRINKING 7 potions of curing.
 10696 | Lair:2   | 10696 ||| (to cure confusion)
 10699 | Lair:2   | 10699 ||| INVOKING Heroism.
 10704 | Lair:2   | HP: 15/71 [jumping spider (5)]
 10705 | Lair:2   | 10705 ||| READING 5 scrolls of teleportation.
 10706 | Lair:2   | 10706 ||| DRINKING 2 potions of heal wounds.
 10872 | Lair:2   | 10872 ||| DRINKING 6 potions of curing.
 10872 | Lair:2   | 10872 ||| (to cure confusion)
 10873 | Lair:2   | 10873 ||| INVOKING Heroism.
 10882 | Lair:2   | HP: 15/71 [jumping spider (8)]
 10883 | Lair:2   | 10883 ||| READING 4 scrolls of teleportation.
 10884 | Lair:2   | 10884 ||| DRINKING potion of heal wounds.
 11070 | Lair:2   | 11070 ||| INVOKING Heroism.
 11072 | Lair:2   | 11072 ||| Stepping ~*~*~tactically~*~*~ (stealth).
 11075 | Lair:2   | 11075 ||| Stepping ~*~*~tactically~*~*~ (stealth).
 11078 | Lair:2   | 11078 ||| Stepping ~*~*~tactically~*~*~ (stealth).
 11083 | Lair:2   | Reached skill level 6 in Shields
 11341 | Lair:2   | 11341 ||| INVOKING Heroism.
 11428 | Lair:2   | 11428 ||| INVOKING Heroism.
 11450 | Lair:2   | Reached XP level 12. HP: 59/76 MP: 16/16
 11521 | Lair:2   | Noticed Amaemon
 11521 | Lair:2   | 11521 ||| INVOKING Heroism.
 11537 | Lair:2   | Killed Amaemon
 11551 | Lair:2   | Reached skill level 6 in Invocations
 11911 | Lair:2   | Found a staircase to the Shoals.
 12011 | Lair:2   | 12011 ||| UPGRADING to +5 ring of evasion.
 12012 | Lair:2   | 12012 ||| DROPPING ring of see invisible.
 12082 | Lair:3   | Noticed a five-headed hydra
 12083 | Lair:3   | 12083 ||| INVOKING Heroism.
 12084 | Lair:3   | 12084 ||| SWAPPING to +0 hand axe of flaming.
 12093 | Lair:3   | Killed a one-headed hydra
 12094 | Lair:3   | 12094 ||| SWAPPING to +1 heavy war axe.
 12189 | Lair:3   | 12189 ||| Stepping ~*~*~tactically~*~*~ (stealth).
 12190 | Lair:3   | 12190 ||| INVOKING Heroism.
 12315 | Lair:3   | 12315 ||| INVOKING Heroism.
 12415 | Lair:3   | 12415 ||| INVOKING Heroism.
 12449 | Lair:3   | 12449 ||| INVOKING Heroism.
 12911 | Lair:3   | 12911 ||| READING scroll labelled KILEUFR ZEAS.
 12929 | Lair:4   | 12929 ||| STAIRDANCE
 12953 | Lair:4   | 12953 ||| Stepping ~*~*~tactically~*~*~ (stealth).
 13009 | Lair:4   | 13009 ||| Stepping ~*~*~tactically~*~*~ (stealth).
 13022 | Lair:4   | 13022 ||| INVOKING Heroism.
 13024 | Lair:4   | 13024 ||| Stepping ~*~*~tactically~*~*~ (stealth).
 13027 | Lair:4   | 13027 ||| Stepping ~*~*~tactically~*~*~ (stealth).
 13028 | Lair:4   | 13028 ||| Stepping ~*~*~tactically~*~*~ (stealth).
 13119 | Lair:4   | 13119 ||| Stepping ~*~*~tactically~*~*~ (stealth).
 13131 | Lair:4   | Reached ***** piety under Okawaru
 13181 | Lair:4   | Reached skill level 10 in Armour
 13246 | Lair:4   | 13246 ||| INVOKING Heroism.
 13254 | Lair:4   | Reached skill level 9 in Invocations
 13268 | Lair:4   | 13268 ||| Stepping ~*~*~tactically~*~*~ (stealth).
 13428 | Lair:4   | Identified the +3 ring mail of Generosity {Int+3 Dex+3
                  | Slay+5}
 13473 | Lair:4   | Noticed a four-headed hydra
 13474 | Lair:4   | 13474 ||| Stepping ~*~*~tactically~*~*~ (stealth).
 13476 | Lair:4   | 13476 ||| INVOKING Heroism.
 13479 | Lair:4   | 13479 ||| SWAPPING to +0 hand axe of flaming.
 13490 | Lair:4   | Killed a one-headed hydra
 13491 | Lair:4   | Reached XP level 13. HP: 74/82 MP: 18/20
 13491 | Lair:4   | 13491 ||| SWAPPING to +1 heavy war axe.
 13500 | Lair:4   | 13500 ||| SWAPPING to +0 hand axe of flaming.
 13507 | Lair:4   | 13507 ||| SWAPPING to +1 heavy war axe.
 13533 | Lair:4   | 13533 ||| Stepping ~*~*~tactically~*~*~ (stealth).
 13570 | Lair:4   | 13570 ||| Stepping ~*~*~tactically~*~*~ (stealth).
 13581 | Lair:4   | 13581 ||| Stepping ~*~*~tactically~*~*~ (stealth).
 13583 | Lair:4   | 13583 ||| Stepping ~*~*~tactically~*~*~ (stealth).
 13675 | Lair:4   | 13675 ||| Stepping ~*~*~tactically~*~*~ (stealth).
 13902 | Lair:4   | Identified the +3 executioner's axe of the Big Bang {venom,
                  | Str+2} (Okawaru gifted it to you on level 4 of the Lair of
                  | Beasts)
 13902 | Lair:4   | Received a gift from Okawaru
 13979 | Lair:4   | 13979 ||| UPGRADING to +0 tower shield.
 13989 | Lair:4   | 13989 ||| DROPPING +0 buckler.
 13990 | Lair:4   | 13990 ||| READING scroll labelled NORRIN ELIZXE.
 14000 | Lair:5   | Entered Level 5 of the Lair of Beasts
 14005 | Lair:5   | Found a shadowy altar of Dithmenos.
 14064 | Lair:5   | 14064 ||| INVOKING Heroism.
 14153 | Lair:5   | 14153 ||| Stepping ~*~*~tactically~*~*~ (stealth).
 14155 | Lair:5   | 14155 ||| Stepping ~*~*~tactically~*~*~ (stealth).
 14174 | Lair:5   | 14174 ||| Stepping ~*~*~tactically~*~*~ (stealth).
 14175 | Lair:5   | 14175 ||| Stepping ~*~*~tactically~*~*~ (stealth).
 14178 | Lair:5   | 14178 ||| Stepping ~*~*~tactically~*~*~ (stealth).
 14198 | Lair:5   | 14198 ||| Stepping ~*~*~tactically~*~*~ (stealth).
 14199 | Lair:5   | 14199 ||| Stepping ~*~*~tactically~*~*~ (stealth).
 14221 | Lair:5   | 14221 ||| INVOKING Heroism.
 14222 | Lair:5   | 14222 ||| Stepping ~*~*~tactically~*~*~ (stealth).
 14226 | Lair:5   | 14226 ||| INVOKING Finesse.
 14254 | Lair:5   | Reached skill level 9 in Shields
 14262 | Lair:5   | Received a gift from Okawaru
 14318 | Lair:5   | 14318 ||| INVOKING Heroism.
 14319 | Lair:5   | 14319 ||| INVOKING Finesse.
 14322 | Lair:5   | 14322 ||| SWAPPING to +0 hand axe of flaming.
 14333 | Lair:5   | 14333 ||| SWAPPING to +1 heavy war axe.
 14476 | Lair:5   | 14476 ||| INVOKING Heroism.
 14481 | Lair:5   | 14481 ||| SWAPPING to +0 hand axe of flaming.
 14485 | Lair:5   | Received a gift from Okawaru
 14486 | Lair:5   | 14486 ||| SWAPPING to +1 heavy war axe.
 14490 | Lair:5   | 14490 ||| SWAPPING to +0 broad axe of draining.
 14491 | Lair:5   | 14491 ||| DROPPING +1 heavy war axe.
 14516 | Lair:5   | 14516 ||| Stepping ~*~*~tactically~*~*~ (stealth).
 14519 | Lair:5   | 14519 ||| INVOKING Heroism.
 14530 | Lair:5   | 14530 ||| Stepping ~*~*~tactically~*~*~ (stealth).
 14532 | Lair:5   | 14532 ||| Stepping ~*~*~tactically~*~*~ (stealth).
 14533 | Lair:5   | 14533 ||| Stepping ~*~*~tactically~*~*~ (stealth).
 14649 | Lair:5   | Found a runed translucent door.
 14650 | Lair:5   | Found a viscous altar of Jiyva.
 14650 | Lair:5   | Found a staircase to the Slime Pits.
 14650 | Lair:5   | Noticed an acid blob
 14650 | Lair:5   | Noticed an acid blob
 14671 | Lair:5   | 14671 ||| Stepping ~*~*~tactically~*~*~ (stealth).
 14673 | Lair:5   | 14673 ||| Stepping ~*~*~tactically~*~*~ (stealth).
 14676 | Lair:5   | 14676 ||| INVOKING Heroism.
 14680 | Lair:5   | 14680 ||| SWAPPING to +0 hand axe of flaming.
 14685 | Lair:5   | 14685 ||| SWAPPING to +0 broad axe of draining.
 14704 | Lair:5   | 14704 ||| Stepping ~*~*~tactically~*~*~ (hiding).
 14740 | Lair:5   | 14740 ||| Stepping ~*~*~tactically~*~*~ (stealth).
 14741 | Lair:5   | 14741 ||| Stepping ~*~*~tactically~*~*~ (stealth).
 14789 | Lair:5   | 14789 ||| INVOKING Heroism.
 14790 | Lair:5   | 14790 ||| Stepping ~*~*~tactically~*~*~ (stealth).
 14873 | Lair:5   | 14873 ||| Stepping ~*~*~tactically~*~*~ (stealth).
 14976 | Lair:5   | 14976 ||| INVOKING Heroism.
 14985 | Lair:5   | Gained mutation: Your large and strong wings let you fly.
                  | [Gargoyle growth]
 14985 | Lair:5   | Reached XP level 14. HP: 68/88 MP: 19/21
 15086 | Lair:5   | Reached skill level 12 in Shields
 15171 | Lair:5   | 15171 ||| Stepping ~*~*~tactically~*~*~ (stealth).
 15173 | Lair:5   | 15173 ||| Stepping ~*~*~tactically~*~*~ (stealth).
 15193 | Lair:5   | Received a gift from Okawaru
 15664 | Lair:5   | 15664 ||| Stepping ~*~*~tactically~*~*~ (stealth).
 15666 | Lair:5   | 15666 ||| Stepping ~*~*~tactically~*~*~ (stealth).
 15668 | Lair:5   | 15668 ||| INVOKING Heroism.
 15765 | Lair:5   | 15765 ||| PLANNING D:1-11
 15765 | Lair:5   | 15765 ||| DROPPING amulet of regeneration.
 15891 | D:9      | 15891 ||| READING scroll of enchant armour.
 15891 | D:9      | 15891 ||| ENCHANTING +0 pair of gloves.
 16016 | D:9      | Identified the +4 quarterstaff of Spite {protect, rElec
                  | Str-4 Int+5}
 16140 | D:9      | 16140 ||| Stepping ~*~*~tactically~*~*~ (stealth).
 16247 | D:9      | 16247 ||| Stepping ~*~*~tactically~*~*~ (hiding).
 16248 | D:9      | 16248 ||| FLEEEEING.
 16249 | D:9      | 16249 ||| FLEEEEING.
 16295 | D:9      | 16295 ||| INVOKING Heroism.
 16306 | D:9      | 16306 ||| FLEEEEING.
 16307 | D:9      | 16307 ||| FLEEEEING.
 16308 | D:9      | 16308 ||| FLEEEEING.
 16309 | D:9      | 16309 ||| FLEEEEING.
 16310 | D:9      | 16310 ||| FLEEEEING.
 16311 | D:9      | 16311 ||| FLEEEEING.
 16312 | D:9      | 16312 ||| FLEEEEING.
 16450 | D:9      | 16450 ||| Stepping ~*~*~tactically~*~*~ (stealth).
 16452 | D:9      | 16452 ||| Stepping ~*~*~tactically~*~*~ (hiding).
 16561 | D:9      | Found a staircase to the Orcish Mines.
 17004 | D:10     | Entered Level 10 of the Dungeon
 17028 | D:10     | 17028 ||| Stepping ~*~*~tactically~*~*~ (stealth).
 17053 | D:10     | 17053 ||| Stepping ~*~*~tactically~*~*~ (stealth).
 17108 | D:10     | 17108 ||| Stepping ~*~*~tactically~*~*~ (hiding).
 17137 | D:10     | Found a transporter.
 17139 | D:10     | Found a transporter.
 17328 | D:10     | Found a transporter.
 17332 | D:10     | Found a transporter.
 17419 | D:10     | 17419 ||| FLEEEEING.
 17420 | D:10     | 17420 ||| FLEEEEING.
 17421 | D:10     | 17421 ||| FLEEEEING.
 17422 | D:10     | 17422 ||| FLEEEEING.
 17423 | D:10     | 17423 ||| FLEEEEING.
 17424 | D:10     | 17424 ||| FLEEEEING.
 17425 | D:10     | 17425 ||| FLEEEEING.
 17463 | D:10     | 17463 ||| Stepping ~*~*~tactically~*~*~ (stealth).
 17567 | D:10     | Found a transporter.
 17568 | D:10     | Found a transporter.
 17720 | D:10     | 17720 ||| DROPPING +1 hat.
 17765 | D:11     | 17765 ||| INVOKING Heroism.
 17766 | D:11     | 17766 ||| INVOKING Finesse.
 18308 | D:11     | 18308 ||| DRINKING 13 potions of curing.
 18308 | D:11     | 18308 ||| (to cure confusion)
 18669 | D:11     | 18669 ||| PLANNING D
 18764 | D:12     | Reached skill level 15 in Shields
 18911 | D:12     | 18911 ||| FLEEEEING.
 18912 | D:12     | 18912 ||| FLEEEEING.
 18913 | D:12     | 18913 ||| FLEEEEING.
 18991 | D:12     | Found Rallol's Antique Armour Emporium.
 18999 | D:12     | 18999 ||| BUYING runed hat (252 gold).
 18999 | D:12     | Bought a runed hat for 252 gold pieces
 19009 | D:12     | You are sucked into a shaft and drop 2 floors!
 19031 | D:14     | 19031 ||| Stepping ~*~*~tactically~*~*~ (hiding).
 19095 | D:14     | 19095 ||| DROPPING +2 hat.
 19112 | D:13     | Found a gate to the Vaults.
 19123 | D:13     | 19123 ||| INVOKING Heroism.
 19138 | D:13     | Received a gift from Okawaru
 19166 | D:13     | HP: 15/90 [skeletal warrior/+0 dire flail (15)]
 19167 | D:13     | 19167 ||| READING 9 scrolls of teleportation.
 19168 | D:13     | 19168 ||| DRINKING 5 potions of heal wounds.
 19169 | D:13     | 19169 ||| DRINKING 4 potions of heal wounds.
 19189 | D:13     | 19189 ||| INVOKING Heroism.
 19201 | D:13     | Reached XP level 15. HP: 50/94 MP: 20/22
 19228 | D:13     | 19228 ||| Stepping ~*~*~tactically~*~*~ (hiding).
 19230 | D:13     | 19230 ||| Stepping ~*~*~tactically~*~*~ (hiding).
 19231 | D:13     | 19231 ||| Stepping ~*~*~tactically~*~*~ (hiding).
 19234 | D:13     | 19234 ||| INVOKING Heroism.
 19320 | D:13     | 19320 ||| INVOKING Heroism.
 19351 | D:13     | Identified the +8 hand crossbow of Okawaru's Regard {flame,
                  | rElec} (Okawaru gifted it to you on level 13 of the
                  | Dungeon)
 19351 | D:13     | Received a gift from Okawaru
 19470 | D:13     | 19470 ||| DROPPING +0 broad axe of draining.
 19473 | D:13     | 19473 ||| Stepping ~*~*~tactically~*~*~ (hiding).
 19474 | D:13     | 19474 ||| Stepping ~*~*~tactically~*~*~ (hiding).
 19544 | D:13     | 19544 ||| INVOKING Heroism.
 19545 | D:13     | 19545 ||| SWAPPING to +0 hand axe of flaming.
 19557 | D:13     | 19557 ||| SWAPPING to +0 broad axe of draining.
 19660 | D:12     | 19660 ||| FLEEEEING.
 19786 | D:12     | 19786 ||| Stepping ~*~*~tactically~*~*~ (stealth).
 19788 | D:12     | 19788 ||| Stepping ~*~*~tactically~*~*~ (stealth).
 19789 | D:12     | 19789 ||| Stepping ~*~*~tactically~*~*~ (stealth).
 19800 | D:12     | 19800 ||| Stepping ~*~*~tactically~*~*~ (stealth).
 19873 | D:12     | Reached skill level 11 in Armour
 20021 | D:13     | 20021 ||| STAIRDANCE
 20031 | D:12     | 20031 ||| INVOKING Heroism.
 20314 | D:13     | Noticed Rupert
 20315 | D:13     | 20315 ||| INVOKING Heroism.
 20316 | D:13     | 20316 ||| INVOKING Finesse.
 20327 | D:13     | Killed Rupert
 20464 | D:13     | Noticed Erolcha
 20472 | D:13     | Killed Erolcha
 20872 | D:14     | 20872 ||| INVOKING Heroism.
 21004 | D:14     | 21004 ||| INVOKING Heroism.
 21237 | D:14     | 21237 ||| Stepping ~*~*~tactically~*~*~ (stealth).
 21242 | D:14     | Identified the +2 pair of gloves of Existentialism {rElec
                  | Regen+ Stlth+} (Okawaru gifted it to you on level 14 of the
                  | Dungeon)
 21242 | D:14     | Received a gift from Okawaru
 21256 | D:14     | 21256 ||| READING scroll of enchant armour.
 21256 | D:14     | 21256 ||| ENCHANTING +1 pair of gloves.
 21280 | D:14     | Found a white marble altar of Elyvilon.
 21488 | D:14     | 21488 ||| READING scroll of enchant weapon.
 21488 | D:14     | 21488 ||| ENCHANTING +0 broad axe of draining.
 21594 | D:14     | Found a portal to a secret trove of treasure.
 21836 | D:14     | Noticed Kirke
 21837 | D:14     | 21837 ||| INVOKING Heroism.
 21838 | D:14     | 21838 ||| INVOKING Finesse.
 21839 | D:14     | 21839 ||| DRINKING 2 potions of cancellation.
 21861 | D:14     | Reached skill level 15 in Axes
 21865 | D:14     | Killed Kirke
 21910 | D:14     | 21910 ||| UPGRADING to +2 pair of gloves of Existentialism
                  | {rElec Regen+ Stlth+}.
 21920 | D:14     | 21920 ||| DROPPING +2 pair of gloves.
 21937 | D:15     | Entered Level 15 of the Dungeon
 21940 | D:15     | 21940 ||| INVOKING Heroism.
 21992 | D:15     | 21992 ||| INVOKING Heroism.
 22006 | D:15     | Reached skill level 12 in Fighting
 22033 | D:15     | Noticed Josephine
 22051 | D:15     | 22051 ||| INVOKING Heroism.
 22052 | D:15     | Killed Josephine
 22119 | D:15     | 22119 ||| INVOKING Heroism.
 22131 | D:15     | Found a staircase to the Depths.
 22179 | D:15     | Reached skill level 3 in Throwing
 22226 | D:15     | 22226 ||| INVOKING Heroism.
 22258 | D:15     | Noticed Louise
 22279 | D:15     | Reached XP level 16. HP: 70/101 MP: 23/23
 22298 | Abyss:2  | Cast into level 2 of the Abyss (Louise)
 22327 | Abyss:2  | Noticed a tentacled starspawn
 22329 | Abyss:2  | Noticed a tentacled starspawn
 22337 | Abyss:2  | Killed a tentacled starspawn
 22341 | Abyss:2  | Killed a tentacled starspawn
 22342 | Abyss:2  | Reached skill level 12 in Armour
 22414 | Abyss:2  | 22414 ||| Stepping ~*~*~tactically~*~*~ (hiding).
 22417 | Abyss:2  | 22417 ||| Stepping ~*~*~tactically~*~*~ (cloud).
 22418 | Abyss:2  | 22418 ||| Stepping ~*~*~tactically~*~*~ (hiding).
 22425 | Abyss:2  | Noticed a lich
 22426 | Abyss:2  | 22426 ||| INVOKING Heroism.
 22428 | Abyss:2  | 22428 ||| Stepping ~*~*~tactically~*~*~ (hiding).
 22438 | Abyss:2  | Killed a lich
 22454 | Abyss:2  | 22454 ||| INVOKING Heroism.
 22532 | Abyss:2  | 22532 ||| Stepping ~*~*~tactically~*~*~ (hiding).
 22549 | D:15     | Escaped the Abyss
 22551 | D:15     | 22551 ||| INVOKING Heroism.
 22568 | D:15     | Killed Louise
 23000 | D:15     | 23000 ||| PLANNING ORC
 23153 | Orc:1    | Entered Level 1 of the Orcish Mines
 23154 | Orc:1    | 23154 ||| INVOKING Heroism.
 23177 | Orc:1    | 23177 ||| Stepping ~*~*~tactically~*~*~ (hiding).
 23179 | Orc:1    | 23179 ||| Stepping ~*~*~tactically~*~*~ (hiding).
 23188 | Orc:1    | 23188 ||| Stepping ~*~*~tactically~*~*~ (stealth).
 23209 | Orc:1    | 23209 ||| Stepping ~*~*~tactically~*~*~ (hiding).
 23210 | Orc:1    | 23210 ||| Stepping ~*~*~tactically~*~*~ (hiding).
 23357 | Orc:1    | 23357 ||| Stepping ~*~*~tactically~*~*~ (hiding).
 23361 | Orc:1    | Noticed Snorg
 23369 | Orc:1    | 23369 ||| INVOKING Heroism.
 23382 | Orc:1    | Killed Snorg
 23476 | Orc:1    | 23476 ||| INVOKING Heroism.
 23489 | Orc:1    | 23489 ||| Stepping ~*~*~tactically~*~*~ (hiding).
 23490 | Orc:1    | 23490 ||| Stepping ~*~*~tactically~*~*~ (hiding).
 23491 | Orc:1    | 23491 ||| Stepping ~*~*~tactically~*~*~ (hiding).
 23492 | Orc:1    | 23492 ||| Stepping ~*~*~tactically~*~*~ (hiding).
 23497 | Orc:1    | 23497 ||| Stepping ~*~*~tactically~*~*~ (hiding).
 23500 | Orc:1    | 23500 ||| Stepping ~*~*~tactically~*~*~ (hiding).
 23911 | Orc:2    | Entered Level 2 of the Orcish Mines
 23961 | Orc:2    | 23961 ||| INVOKING Heroism.
 24110 | Orc:2    | Found a staircase to the Elven Halls.
 24118 | Orc:2    | 24118 ||| INVOKING Heroism.
 24238 | Orc:2    | 24238 ||| Stepping ~*~*~tactically~*~*~ (hiding).
 24269 | Orc:2    | Found Foitsere's Weapon Shoppe.
 24297 | Orc:2    | 24297 ||| Stepping ~*~*~tactically~*~*~ (hiding).
 24305 | Orc:2    | 24305 ||| Stepping ~*~*~tactically~*~*~ (hiding).
 24339 | Orc:2    | 24339 ||| INVOKING Heroism.
 24663 | Orc:2    | Found a bloodstained altar of Trog.
 24663 | Orc:2    | Found a transporter.
 24663 | Orc:2    | Noticed qw's ghost (adept GrFi)
 24669 | Orc:2    | Found a transporter.
 24857 | Orc:2    | 24857 ||| Stepping ~*~*~tactically~*~*~ (stealth).
 24858 | Orc:2    | 24858 ||| Stepping ~*~*~tactically~*~*~ (stealth).
 24860 | Orc:2    | 24860 ||| INVOKING Heroism.
 24892 | Orc:2    | Received a gift from Okawaru
 24893 | Orc:2    | Reached skill level 3 in Dodging
 24908 | Orc:2    | Found Ahoe's Antique Armour Shop.
 24910 | Orc:2    | Found Toptag's Antique Weapon Boutique.
 24917 | Orc:2    | 24917 ||| BUYING glowing chain mail (172 gold).
 24917 | Orc:2    | Bought a glowing chain mail for 172 gold pieces
 24917 | Orc:2    | 24917 ||| BUYING glowing helmet (172 gold).
 24917 | Orc:2    | Bought a glowing helmet for 172 gold pieces
 24917 | Orc:2    | 24917 ||| BUYING shiny plate armour (598 gold).
 24917 | Orc:2    | Bought a shiny plate armour for 598 gold pieces
 24923 | Orc:2    | 24923 ||| BUYING ichor-stained broad axe (207 gold).
 24923 | Orc:2    | Bought an ichor-stained broad axe for 207 gold pieces
 24923 | Orc:2    | Identified the +5 broad axe "Pakkoah" {speed, rElec Str+3}
                  | (You bought it in a shop on level 2 of the Orcish Mines)
 24923 | Orc:2    | 24923 ||| SWAPPING to +5 broad axe "Pakkoah" {speed, rElec
                  | Str+3}.
 24924 | Orc:2    | 24924 ||| DROPPING +1 broad axe of draining.
 24925 | Orc:2    | 24925 ||| DROPPING +3 broad axe.
 24994 | Orc:2    | 24994 ||| Stepping ~*~*~tactically~*~*~ (stealth).
 24995 | Orc:2    | 24995 ||| Stepping ~*~*~tactically~*~*~ (stealth).
 25020 | Orc:2    | 25020 ||| INVOKING Heroism.
 25038 | Orc:2    | Found Radub's Armour Boutique.
 25043 | Orc:2    | 25043 ||| BUYING +1 plate armour of fire resistance (420
                  | gold).
 25043 | Orc:2    | Bought a +1 plate armour of fire resistance for 420 gold
                  | pieces
 25043 | Orc:2    | 25043 ||| BUYING +3 plate armour of willpower (540 gold).
 25043 | Orc:2    | Bought a +3 plate armour of willpower for 540 gold pieces
 25043 | Orc:2    | 25043 ||| SHOPLISTING +7 plate armour of Minor Irritation
                  | {Dex+3} (855 gold, have 779).
 25043 | Orc:2    | 25043 ||| PLANNING SPIDER:1-3
 25043 | Orc:2    | 25043 ||| DROPPING +3 scale mail of fire resistance.
 25044 | Orc:2    | 25044 ||| UPGRADING to +1 plate armour of fire resistance.
 25054 | Orc:2    | 25054 ||| DROPPING +0 plate armour.
 25055 | Orc:2    | 25055 ||| DROPPING +3 chain mail of poison resistance.
 25056 | Orc:2    | 25056 ||| UPGRADING to +2 helmet of intelligence.
 25066 | Orc:2    | 25066 ||| DROPPING +0 helmet.
 25067 | Orc:2    | 25067 ||| DROPPING +1 plate armour of positive energy.
 25068 | Orc:2    | 25068 ||| UPGRADING to +3 plate armour of willpower.
 25256 | Spider:1 | Entered Level 1 of the Spider Nest
 25303 | Spider:1 | 25303 ||| Stepping ~*~*~tactically~*~*~ (hiding).
 25304 | Spider:1 | 25304 ||| Stepping ~*~*~tactically~*~*~ (hiding).
 25406 | Spider:1 | 25406 ||| Stepping ~*~*~tactically~*~*~ (hiding).
 25419 | Spider:1 | 25419 ||| INVOKING Heroism.
 25515 | Spider:1 | 25515 ||| Stepping ~*~*~tactically~*~*~ (stealth).
 25545 | Spider:1 | 25545 ||| Stepping ~*~*~tactically~*~*~ (hiding).
 25574 | Spider:1 | 25574 ||| INVOKING Heroism.
 25706 | Spider:1 | 25706 ||| Stepping ~*~*~tactically~*~*~ (stealth).
 25894 | Spider:1 | 25894 ||| Stepping ~*~*~tactically~*~*~ (stealth).
 25921 | Spider:1 | 25921 ||| Stepping ~*~*~tactically~*~*~ (hiding).
 26072 | Spider:1 | 26072 ||| Stepping ~*~*~tactically~*~*~ (stealth).
 26083 | Spider:1 | 26083 ||| FLEEEEING.
 26084 | Spider:1 | 26084 ||| FLEEEEING.
 26261 | Spider:1 | 26261 ||| Stepping ~*~*~tactically~*~*~ (hiding).
 26262 | Spider:1 | 26262 ||| Stepping ~*~*~tactically~*~*~ (stealth).
 26337 | Spider:1 | 26337 ||| Stepping ~*~*~tactically~*~*~ (hiding).
 26415 | Spider:1 | Reached XP level 17. HP: 85/106 MP: 24/24
 26449 | Spider:1 | 26449 ||| Stepping ~*~*~tactically~*~*~ (hiding).
 26688 | Spider:1 | 26688 ||| READING 24 scrolls of identify.
 26688 | Spider:1 | 26688 ||| IDENTIFYING fuming orange potion
 26778 | Spider:2 | 26778 ||| Stepping ~*~*~tactically~*~*~ (stealth).
 26780 | Spider:2 | 26780 ||| Stepping ~*~*~tactically~*~*~ (stealth).
 26787 | Spider:2 | 26787 ||| INVOKING Heroism.
 26847 | Spider:2 | 26847 ||| Stepping ~*~*~tactically~*~*~ (stealth).
 26853 | Spider:2 | 26853 ||| Stepping ~*~*~tactically~*~*~ (stealth).
 26854 | Spider:2 | 26854 ||| Stepping ~*~*~tactically~*~*~ (stealth).
 26920 | Spider:2 | 26920 ||| Stepping ~*~*~tactically~*~*~ (stealth).
 26921 | Spider:2 | 26921 ||| Stepping ~*~*~tactically~*~*~ (stealth).
 26980 | Spider:2 | 26980 ||| Stepping ~*~*~tactically~*~*~ (stealth).
 27087 | Spider:2 | 27087 ||| FLEEEEING.
 27089 | Spider:2 | 27089 ||| FLEEEEING.
 27090 | Spider:2 | 27090 ||| FLEEEEING.
 27091 | Spider:2 | 27091 ||| FLEEEEING.
 27092 | Spider:2 | 27092 ||| FLEEEEING.
 27093 | Spider:2 | 27093 ||| FLEEEEING.
 27094 | Spider:2 | 27094 ||| FLEEEEING.
 27095 | Spider:2 | 27095 ||| Stepping ~*~*~tactically~*~*~ (stealth).
 27096 | Spider:2 | 27096 ||| INVOKING Finesse.
 27161 | Spider:2 | 27161 ||| INVOKING Finesse.
 27231 | Spider:2 | 27231 ||| INVOKING Finesse.
 27274 | Spider:2 | Identified a scroll of acquirement
 27280 | Spider:2 | 27280 ||| READING scroll of acquirement.
 27280 | Spider:2 | 27280 ||| ACQUIRING +1 broad axe "Vublon" {holy, rCorr
                  | Int+3 Stlth+}
 27280 | Spider:2 | Acquired the +1 broad axe "Vublon" {holy, rCorr Int+3
                  | Stlth+}
 27502 | Spider:2 | 27502 ||| INVOKING Heroism.
 27533 | Spider:2 | Received a gift from Okawaru
 27597 | Spider:2 | 27597 ||| Stepping ~*~*~tactically~*~*~ (hiding).
 27610 | Spider:2 | Reached skill level 13 in Armour
 27700 | Spider:2 | 27700 ||| Stepping ~*~*~tactically~*~*~ (stealth).
 27701 | Spider:2 | 27701 ||| Stepping ~*~*~tactically~*~*~ (stealth).
 27711 | Spider:2 | Received a gift from Okawaru
 27742 | Spider:2 | 27742 ||| Stepping ~*~*~tactically~*~*~ (stealth).
 27761 | Spider:2 | 27761 ||| Stepping ~*~*~tactically~*~*~ (stealth).
 27770 | Spider:2 | 27770 ||| INVOKING Finesse.
 28045 | Spider:3 | Noticed Arachne
 28046 | Spider:3 | 28046 ||| INVOKING Heroism.
 28080 | Spider:3 | 28080 ||| Stepping ~*~*~tactically~*~*~ (hiding).
 28086 | Spider:3 | Killed Arachne
 28736 | Spider:3 | 28736 ||| Stepping ~*~*~tactically~*~*~ (stealth).
 28741 | Spider:3 | 28741 ||| Stepping ~*~*~tactically~*~*~ (stealth).
 28771 | Spider:3 | 28771 ||| DRINKING 13 potions of curing.
 28771 | Spider:3 | 28771 ||| (to cure confusion)
 28832 | Spider:3 | 28832 ||| Stepping ~*~*~tactically~*~*~ (hiding).
 28845 | Spider:3 | 28845 ||| Stepping ~*~*~tactically~*~*~ (stealth).
 29438 | Spider:3 | 29438 ||| Stepping ~*~*~tactically~*~*~ (stealth).
 29441 | Spider:3 | 29441 ||| Stepping ~*~*~tactically~*~*~ (hiding).
 29605 | Spider:3 | 29605 ||| PLANNING SHOALS:1-3
 29781 | Shoals:1 | Entered Level 1 of the Shoals
 29826 | Shoals:1 | 29826 ||| INVOKING Heroism.
 29827 | Shoals:1 | 29827 ||| INVOKING Finesse.
 29922 | Shoals:1 | 29922 ||| READING scroll of enchant armour.
 29922 | Shoals:1 | 29922 ||| ENCHANTING +0 pair of boots.
 29956 | Shoals:1 | Reached skill level 6 in Throwing
 29963 | Shoals:1 | Received a gift from Okawaru
 29990 | Shoals:1 | 29990 ||| INVOKING Heroism.
 30033 | Shoals:1 | Found a frozen archway.
 30096 | Shoals:1 | 30096 ||| INVOKING Heroism.
 30206 | Shoals:1 | Noticed a kraken
 30223 | Shoals:1 | 30223 ||| INVOKING Heroism.
 30225 | Shoals:1 | Killed a kraken
 30226 | Shoals:1 | Reached skill level 18 in Axes
 30319 | Shoals:1 | Noticed Mlioglotl
 30320 | Shoals:1 | 30320 ||| INVOKING Heroism.
 30321 | Shoals:1 | 30321 ||| INVOKING Finesse.
 30346 | Shoals:1 | Killed Mlioglotl
 30362 | Shoals:1 | Reached XP level 18. HP: 114/114 MP: 20/25
 30363 | Shoals:1 | 30363 ||| DROPPING +0 hand axe of flaming.
 30389 | Shoals:1 | 30389 ||| Stepping ~*~*~tactically~*~*~ (stealth).
 30460 | Shoals:1 | 30460 ||| Stepping ~*~*~tactically~*~*~ (hiding).
 30844 | Shoals:2 | 30844 ||| Stepping ~*~*~tactically~*~*~ (hiding).
 30901 | Shoals:2 | 30901 ||| INVOKING Heroism.
 30982 | Shoals:2 | 30982 ||| INVOKING Heroism.
 30986 | Shoals:2 | Received a gift from Okawaru
 30996 | Shoals:2 | 30996 ||| Stepping ~*~*~tactically~*~*~ (hiding).
 30997 | Shoals:2 | 30997 ||| Stepping ~*~*~tactically~*~*~ (hiding).
 30999 | Shoals:2 | 30999 ||| Stepping ~*~*~tactically~*~*~ (hiding).
 31053 | Shoals:2 | 31053 ||| Stepping ~*~*~tactically~*~*~ (stealth).
 31105 | Shoals:2 | 31105 ||| INVOKING Heroism.
 31149 | Shoals:2 | 31149 ||| INVOKING Heroism.
 31187 | Shoals:2 | Reached skill level 18 in Shields
 31270 | Shoals:2 | 31270 ||| Stepping ~*~*~tactically~*~*~ (stealth).
 31272 | Shoals:2 | 31272 ||| Stepping ~*~*~tactically~*~*~ (hiding).
 31273 | Shoals:2 | 31273 ||| Stepping ~*~*~tactically~*~*~ (hiding).
 31274 | Shoals:2 | 31274 ||| Stepping ~*~*~tactically~*~*~ (hiding).
 31275 | Shoals:2 | 31275 ||| INVOKING Heroism.
 31318 | Shoals:2 | Noticed Ilsuiw
 31365 | Shoals:2 | 31365 ||| INVOKING Heroism.
 31373 | Shoals:2 | Killed Ilsuiw
 31453 | Shoals:2 | 31453 ||| INVOKING Heroism.
 31827 | Shoals:3 | 31827 ||| INVOKING Heroism.
 31876 | Shoals:3 | 31876 ||| Stepping ~*~*~tactically~*~*~ (hiding).
 31881 | Shoals:3 | 31881 ||| Stepping ~*~*~tactically~*~*~ (hiding).
 31881 | Shoals:3 | Noticed Mara
 31882 | Shoals:3 | 31882 ||| Stepping ~*~*~tactically~*~*~ (hiding).
 31889 | Shoals:3 | 31889 ||| INVOKING Heroism.
 31904 | Shoals:3 | Noticed qw's illusion
 31914 | Shoals:3 | HP: 29/116 [Mara (illusionary)/bolt of fire (32)]
 31915 | Shoals:3 | 31915 ||| READING 10 scrolls of teleportation.
 31916 | Shoals:3 | HP: 10/116 [Mara (illusionary)/+6 demon whip of venom (21)]
 31917 | Shoals:3 | 31917 ||| DRINKING 5 potions of heal wounds.
 31918 | Shoals:3 | 31918 ||| DRINKING 4 potions of heal wounds.
 32101 | Shoals:3 | 32101 ||| INVOKING Heroism.
 32332 | Shoals:3 | 32332 ||| Stepping ~*~*~tactically~*~*~ (hiding).
 32336 | Shoals:3 | 32336 ||| INVOKING Heroism.
 32382 | Shoals:3 | Killed Mara
 32383 | Shoals:3 | Reached skill level 14 in Armour
 32530 | Shoals:3 | 32530 ||| INVOKING Heroism.
 32604 | Shoals:3 | 32604 ||| INVOKING Heroism.
 32853 | Shoals:3 | 32853 ||| PLANNING SPIDER:4
 32853 | Shoals:3 | 32853 ||| DROPPING amulet of the acrobat.
 32854 | Shoals:3 | 32854 ||| DROPPING +6 ring of intelligence.
 32855 | Shoals:3 | 32855 ||| READING 30 scrolls of identify.
 32855 | Shoals:3 | 32855 ||| IDENTIFYING inky potion
 33069 | Spider:4 | Entered Level 4 of the Spider Nest
 33169 | Spider:4 | 33169 ||| INVOKING Heroism.
 33200 | Spider:4 | 33200 ||| Stepping ~*~*~tactically~*~*~ (hiding).
 33206 | Spider:4 | 33206 ||| Stepping ~*~*~tactically~*~*~ (hiding).
 33217 | Spider:4 | Reached skill level 15 in Fighting
 33230 | Spider:4 | Received a gift from Okawaru
 33261 | Spider:4 | 33261 ||| Stepping ~*~*~tactically~*~*~ (stealth).
 33262 | Spider:4 | 33262 ||| INVOKING Finesse.
 33469 | Spider:4 | 33469 ||| Stepping ~*~*~tactically~*~*~ (hiding).
 33529 | Spider:4 | 33529 ||| INVOKING Heroism.
 33555 | Spider:4 | 33555 ||| INVOKING Finesse.
 33574 | Spider:4 | Reached XP level 19. HP: 113/124 MP: 0/26
 33592 | Spider:4 | 33592 ||| Stepping ~*~*~tactically~*~*~ (hiding).
 33602 | Spider:4 | Reached skill level 15 in Armour
 33777 | Spider:4 | Got a gossamer rune of Zot
 33876 | Spider:4 | 33876 ||| INVOKING Heroism.
 33878 | Spider:4 | 33878 ||| Stepping ~*~*~tactically~*~*~ (stealth).
 33919 | Spider:4 | 33919 ||| INVOKING Heroism.
 33982 | Spider:4 | 33982 ||| Stepping ~*~*~tactically~*~*~ (stealth).
 33985 | Spider:4 | 33985 ||| Stepping ~*~*~tactically~*~*~ (stealth).
 33990 | Spider:4 | 33990 ||| Stepping ~*~*~tactically~*~*~ (hiding).
 33999 | Spider:4 | 33999 ||| INVOKING Heroism.
 34263 | Spider:4 | 34263 ||| PLANNING VAULTS:1-4
 34263 | Spider:4 | 34263 ||| DROPPING +1 plate armour of fire resistance.
 34264 | Spider:4 | 34264 ||| DROPPING +1 pair of gloves.
 34577 | Vaults:1 | Entered Level 1 of the Vaults
 34668 | Vaults:1 | 34668 ||| INVOKING Heroism.
 34729 | Vaults:1 | Received a gift from Okawaru
 34778 | Vaults:1 | 34778 ||| INVOKING Heroism.
 34833 | Vaults:1 | 34833 ||| Stepping ~*~*~tactically~*~*~ (stealth).
 34836 | Vaults:1 | 34836 ||| Stepping ~*~*~tactically~*~*~ (stealth).
 34921 | Vaults:1 | 34921 ||| INVOKING Heroism.
 35039 | Vaults:1 | 35039 ||| INVOKING Heroism.
 35089 | Vaults:1 | 35089 ||| Stepping ~*~*~tactically~*~*~ (hiding).
 35097 | Vaults:1 | Reached skill level 9 in Throwing
 35243 | Vaults:1 | 35243 ||| Stepping ~*~*~tactically~*~*~ (stealth).
 35323 | Vaults:1 | 35323 ||| Stepping ~*~*~tactically~*~*~ (stealth).
 35357 | Vaults:1 | Received a gift from Okawaru
 35484 | Vaults:1 | 35484 ||| Stepping ~*~*~tactically~*~*~ (stealth).
 35503 | Vaults:1 | 35503 ||| INVOKING Heroism.
 35504 | Vaults:1 | 35504 ||| INVOKING Finesse.
 35568 | Vaults:1 | 35568 ||| Stepping ~*~*~tactically~*~*~ (stealth).
 35570 | Vaults:1 | 35570 ||| INVOKING Heroism.
 35623 | Vaults:1 | Identified the +11 dagger of Ryth {vamp, Fragile Dex+4
                  | Stlth+}
 35986 | Vaults:1 | 35986 ||| DROPPING +1 helmet.
 35987 | Vaults:1 | 35987 ||| DROPPING +2 hat.
 36031 | Vaults:2 | 36031 ||| STAIRDANCE
 36138 | Vaults:2 | 36138 ||| STAIRDANCE
 36276 | Vaults:2 | Received a gift from Okawaru
 36277 | Vaults:2 | Reached skill level 16 in Armour
 36360 | Vaults:2 | 36360 ||| INVOKING Heroism.
 36393 | Vaults:2 | Reached XP level 20. HP: 54/133 MP: 27/27
 36408 | Vaults:2 | HP: 33/134 [deep troll[an ironbound preserver] (8)]
 36409 | Vaults:2 | 36409 ||| READING 10 scrolls of teleportation.
 36411 | Vaults:2 | 36411 ||| DRINKING 5 potions of heal wounds.
 36444 | Vaults:2 | 36444 ||| INVOKING Heroism.
 36455 | Vaults:2 | Reached ****** piety under Okawaru
 36703 | Vaults:2 | 36703 ||| INVOKING Heroism.
 36724 | Vaults:2 | 36724 ||| Stepping ~*~*~tactically~*~*~ (stealth).
 36727 | Vaults:2 | 36727 ||| Stepping ~*~*~tactically~*~*~ (stealth).
 36729 | Vaults:2 | 36729 ||| Stepping ~*~*~tactically~*~*~ (stealth).
 36761 | Vaults:2 | Received a gift from Okawaru
 36776 | Vaults:2 | Reached skill level 17 in Armour
 36900 | Vaults:2 | 36900 ||| Stepping ~*~*~tactically~*~*~ (stealth).
 36903 | Vaults:2 | 36903 ||| Stepping ~*~*~tactically~*~*~ (stealth).
 36905 | Vaults:2 | 36905 ||| Stepping ~*~*~tactically~*~*~ (stealth).
 36929 | Vaults:2 | 36929 ||| INVOKING Heroism.
 37090 | Vaults:2 | 37090 ||| Stepping ~*~*~tactically~*~*~ (stealth).
 37148 | Vaults:2 | Found a staircase to the Crypt.
 37208 | Vaults:2 | Received a gift from Okawaru
 37310 | Vaults:2 | 37310 ||| Stepping ~*~*~tactically~*~*~ (hiding).
 37461 | Vaults:2 | 37461 ||| INVOKING Heroism.
 37466 | Vaults:2 | Received a gift from Okawaru
 37522 | Vaults:2 | 37522 ||| READING scroll of enchant armour.
 37522 | Vaults:2 | 37522 ||| ENCHANTING +1 pair of boots.
 37659 | Vaults:2 | 37659 ||| Stepping ~*~*~tactically~*~*~ (hiding).
 37660 | Vaults:2 | 37660 ||| Stepping ~*~*~tactically~*~*~ (hiding).
 37661 | Vaults:2 | 37661 ||| Stepping ~*~*~tactically~*~*~ (hiding).
 37806 | Vaults:2 | 37806 ||| DROPPING +1 helmet.
 37807 | Vaults:2 | 37807 ||| DROPPING +6 ring of dexterity.
 37843 | Vaults:3 | 37843 ||| FLEEEEING.
 37844 | Vaults:3 | 37844 ||| STAIRDANCE
 37954 | Vaults:3 | 37954 ||| STAIRDANCE
 37993 | Vaults:3 | 37993 ||| Stepping ~*~*~tactically~*~*~ (hiding).
 38058 | Vaults:3 | 38058 ||| INVOKING Heroism.
 38093 | Vaults:3 | 38093 ||| Stepping ~*~*~tactically~*~*~ (hiding).
 38096 | Vaults:3 | 38096 ||| Stepping ~*~*~tactically~*~*~ (hiding).
 38101 | Vaults:3 | 38101 ||| Stepping ~*~*~tactically~*~*~ (hiding).
 38108 | Vaults:3 | Reached skill level 18 in Fighting
 38147 | Vaults:3 | 38147 ||| INVOKING Heroism.
 38310 | Vaults:3 | Received a gift from Okawaru
 38432 | Vaults:3 | Found a runed translucent gate.
 38435 | Vaults:3 | Found a runed translucent gate.
 38436 | Vaults:3 | Found a runed translucent gate.
 38437 | Vaults:3 | Noticed qw's ghost (adept GrFi)
 38792 | Vaults:3 | 38792 ||| INVOKING Heroism.
 38793 | Vaults:3 | 38793 ||| INVOKING Finesse.
 38860 | Vaults:3 | 38860 ||| Stepping ~*~*~tactically~*~*~ (hiding).
 38864 | Vaults:3 | 38864 ||| INVOKING Heroism.
 38877 | Vaults:3 | Reached XP level 21. HP: 128/141 MP: 26/28
 38912 | Vaults:3 | Found Zoscholo's Armour Shop.
 38982 | Vaults:3 | 38982 ||| INVOKING Finesse.
 39013 | Vaults:3 | Identified the +6 hand axe "Quimuts" {heavy, Will+ Dex+3}
                  | (Okawaru gifted it to you on level 3 of the Vaults)
 39013 | Vaults:3 | Received a gift from Okawaru
 39022 | Vaults:3 | 39022 ||| FLEEEEING.
 39023 | Vaults:3 | 39023 ||| FLEEEEING.
 39024 | Vaults:3 | 39024 ||| FLEEEEING.
 39025 | Vaults:3 | 39025 ||| FLEEEEING.
 39026 | Vaults:3 | 39026 ||| FLEEEEING.
 39027 | Vaults:3 | 39027 ||| FLEEEEING.
 39028 | Vaults:3 | 39028 ||| FLEEEEING.
 39029 | Vaults:3 | 39029 ||| FLEEEEING.
 39030 | Vaults:3 | 39030 ||| FLEEEEING.
 39037 | Vaults:3 | 39037 ||| FLEEEEING.
 39045 | Vaults:3 | 39045 ||| STAIRDANCE
 39169 | Vaults:3 | Reached skill level 18 in Armour
 39353 | Vaults:4 | 39353 ||| FLEEEEING.
 39354 | Vaults:4 | 39354 ||| FLEEEEING.
 39356 | Vaults:4 | 39356 ||| FLEEEEING.
 39357 | Vaults:4 | 39357 ||| FLEEEEING.
 39358 | Vaults:4 | 39358 ||| STAIRDANCE
 39499 | Vaults:4 | 39499 ||| STAIRDANCE
 39540 | Vaults:4 | 39540 ||| STAIRDANCE
 39614 | Vaults:4 | 39614 ||| Stepping ~*~*~tactically~*~*~ (hiding).
 39616 | Vaults:4 | 39616 ||| Stepping ~*~*~tactically~*~*~ (hiding).
 39659 | Vaults:4 | 39659 ||| READING scroll of enchant armour.
 39659 | Vaults:4 | 39659 ||| ENCHANTING +1 cloak.
 39684 | Vaults:4 | 39684 ||| READING scroll of enchant armour.
 39684 | Vaults:4 | 39684 ||| ENCHANTING +3 plate armour of willpower.
 39722 | Vaults:4 | 39722 ||| Stepping ~*~*~tactically~*~*~ (hiding).
 39758 | Vaults:4 | 39758 ||| Stepping ~*~*~tactically~*~*~ (stealth).
 39760 | Vaults:4 | 39760 ||| Stepping ~*~*~tactically~*~*~ (hiding).
 39839 | Vaults:4 | 39839 ||| Stepping ~*~*~tactically~*~*~ (hiding).
 39840 | Vaults:4 | 39840 ||| Stepping ~*~*~tactically~*~*~ (hiding).
 39865 | Vaults:4 | Received a gift from Okawaru
 39879 | Vaults:4 | 39879 ||| INVOKING Heroism.
 39951 | Vaults:4 | 39951 ||| Stepping ~*~*~tactically~*~*~ (stealth).
 40003 | Vaults:4 | Found Diacouh's Distillery.
 40010 | Vaults:4 | 40010 ||| BUYING 2 potions of resistance (400 gold).
 40010 | Vaults:4 | Bought 2 potions of resistance for 400 gold pieces
 40010 | Vaults:4 | 40010 ||| BUYING potion of cancellation (160 gold).
 40010 | Vaults:4 | Bought a potion of cancellation for 160 gold pieces
 40010 | Vaults:4 | 40010 ||| BUYING potion of curing (60 gold).
 40010 | Vaults:4 | Bought a potion of curing for 60 gold pieces
 40010 | Vaults:4 | 40010 ||| BUYING potion of curing (60 gold).
 40010 | Vaults:4 | Bought a potion of curing for 60 gold pieces
 40010 | Vaults:4 | 40010 ||| BUYING potion of heal wounds (100 gold).
 40010 | Vaults:4 | Bought a potion of heal wounds for 100 gold pieces
 40010 | Vaults:4 | 40010 ||| BUYING potion of heal wounds (100 gold).
 40010 | Vaults:4 | Bought a potion of heal wounds for 100 gold pieces
 40010 | Vaults:4 | 40010 ||| BUYING potion of magic (160 gold).
 40010 | Vaults:4 | Bought a potion of magic for 160 gold pieces
 40010 | Vaults:4 | 40010 ||| BUYING potion of might (80 gold).
 40010 | Vaults:4 | Bought a potion of might for 80 gold pieces
 40037 | Vaults:4 | 40037 ||| Stepping ~*~*~tactically~*~*~ (hiding).
 40047 | Vaults:4 | 40047 ||| Stepping ~*~*~tactically~*~*~ (hiding).
 40054 | Vaults:4 | 40054 ||| INVOKING Finesse.
 40066 | Vaults:4 | 40066 ||| Stepping ~*~*~tactically~*~*~ (hiding).
 40067 | Vaults:4 | 40067 ||| Stepping ~*~*~tactically~*~*~ (hiding).
 40069 | Vaults:4 | 40069 ||| Stepping ~*~*~tactically~*~*~ (hiding).
 40181 | Vaults:4 | Received a gift from Okawaru
 40196 | Vaults:4 | 40196 ||| Stepping ~*~*~tactically~*~*~ (hiding).
 40199 | Vaults:4 | 40199 ||| Stepping ~*~*~tactically~*~*~ (hiding).
 40200 | Vaults:4 | 40200 ||| Stepping ~*~*~tactically~*~*~ (hiding).
 40229 | Vaults:4 | 40229 ||| Stepping ~*~*~tactically~*~*~ (hiding).
 40379 | Vaults:4 | Received a gift from Okawaru
 40404 | Vaults:4 | 40404 ||| INVOKING Heroism.
 40427 | Vaults:4 | 40427 ||| INVOKING Finesse.
 40450 | Vaults:4 | 40450 ||| Stepping ~*~*~tactically~*~*~ (stealth).
 40461 | Vaults:4 | Identified the +1 hat "Ivviakoa" {rElec MP-9 Dex+6 SInv}
                  | (Okawaru gifted it to you on level 4 of the Vaults)
 40461 | Vaults:4 | Received a gift from Okawaru
 40569 | Vaults:4 | 40569 ||| Stepping ~*~*~tactically~*~*~ (stealth).
 40572 | Vaults:4 | 40572 ||| Stepping ~*~*~tactically~*~*~ (hiding).
 40579 | Vaults:4 | 40579 ||| Stepping ~*~*~tactically~*~*~ (hiding).
 40580 | Vaults:4 | 40580 ||| Stepping ~*~*~tactically~*~*~ (hiding).
 40604 | Vaults:4 | Reached skill level 19 in Armour
 40645 | Vaults:4 | 40645 ||| READING scroll of acquirement.
 40645 | Vaults:4 | 40645 ||| ACQUIRING +0 plate armour of Xeihoug {rPois rF+
                  | Str+3}
 40645 | Vaults:4 | Acquired the +0 plate armour of Xeihoug {rPois rF+ Str+3}
 40945 | Vaults:4 | 40945 ||| Stepping ~*~*~tactically~*~*~ (hiding).
 40950 | Vaults:4 | Noticed Mennas
 40951 | Vaults:4 | 40951 ||| Stepping ~*~*~tactically~*~*~ (stealth).
 40952 | Vaults:4 | 40952 ||| Stepping ~*~*~tactically~*~*~ (stealth).
 40953 | Vaults:4 | 40953 ||| INVOKING Heroism.
 40954 | Vaults:4 | 40954 ||| INVOKING Finesse.
 40994 | Vaults:4 | Killed Mennas
 41025 | Vaults:4 | 41025 ||| Stepping ~*~*~tactically~*~*~ (stealth).
 41170 | Vaults:4 | 41170 ||| PLANNING SHOALS:4
 41170 | Vaults:4 | 41170 ||| DROPPING +1 plate armour of fire resistance.
 41171 | Vaults:4 | 41171 ||| UPGRADING to +2 tower shield of protection.
 41181 | Vaults:4 | 41181 ||| DROPPING +0 tower shield.
 41556 | Shoals:4 | Entered Level 4 of the Shoals
 41586 | Shoals:4 | 41586 ||| Stepping ~*~*~tactically~*~*~ (hiding).
 41587 | Shoals:4 | 41587 ||| Stepping ~*~*~tactically~*~*~ (hiding).
 41590 | Shoals:4 | 41590 ||| INVOKING Heroism.
 41591 | Shoals:4 | 41591 ||| INVOKING Finesse.
 41617 | Shoals:4 | 41617 ||| Stepping ~*~*~tactically~*~*~ (cloud).
 41655 | Shoals:4 | 41655 ||| Stepping ~*~*~tactically~*~*~ (stealth).
 41776 | Shoals:4 | 41776 ||| INVOKING Heroism.
 41777 | Shoals:4 | 41777 ||| INVOKING Finesse.
 41809 | Shoals:4 | Reached XP level 22. HP: 120/150 MP: 23/29
 41809 | Shoals:4 | 41809 ||| Stepping ~*~*~tactically~*~*~ (hiding).
 41815 | Shoals:4 | 41815 ||| Stepping ~*~*~tactically~*~*~ (hiding).
 41911 | Shoals:4 | Got a barnacled rune of Zot
 42028 | Shoals:4 | 42028 ||| Stepping ~*~*~tactically~*~*~ (hiding).
 42098 | Shoals:4 | 42098 ||| Stepping ~*~*~tactically~*~*~ (stealth).
 42103 | Shoals:4 | 42103 ||| Stepping ~*~*~tactically~*~*~ (stealth).
 42479 | Shoals:4 | Found a glowing silver altar of Zin.
 42558 | Shoals:4 | 42558 ||| Stepping ~*~*~tactically~*~*~ (hiding).
 42574 | Shoals:4 | 42574 ||| Stepping ~*~*~tactically~*~*~ (hiding).
 42579 | Shoals:4 | 42579 ||| Stepping ~*~*~tactically~*~*~ (hiding).
 42608 | Shoals:4 | 42608 ||| Stepping ~*~*~tactically~*~*~ (cloud).
 42637 | Shoals:4 | 42637 ||| Stepping ~*~*~tactically~*~*~ (hiding).
 42652 | Shoals:4 | 42652 ||| Stepping ~*~*~tactically~*~*~ (stealth).
 42660 | Shoals:4 | Reached skill level 6 in Dodging
 42686 | Shoals:4 | 42686 ||| Stepping ~*~*~tactically~*~*~ (hiding).
 42687 | Shoals:4 | 42687 ||| Stepping ~*~*~tactically~*~*~ (hiding).
 42868 | Shoals:4 | 42868 ||| PLANNING DEPTHS
 42868 | Shoals:4 | 42868 ||| DROPPING +2 chain mail of cold resistance.
 43145 | Depths:1 | Entered Level 1 of the Depths
 43153 | Depths:1 | 43153 ||| INVOKING Heroism.
 43154 | Depths:1 | 43154 ||| INVOKING Finesse.
 43225 | Depths:1 | 43225 ||| Stepping ~*~*~tactically~*~*~ (hiding).
 43233 | Depths:1 | 43233 ||| INVOKING Finesse.
 43240 | Depths:1 | Received a gift from Okawaru
 43384 | Depths:1 | Found an ancient bone altar of Kikubaaqudgha.
 43435 | Depths:1 | Found a runed translucent door.
 43439 | Depths:1 | Noticed a golden dragon
 43591 | Depths:1 | 43591 ||| FLEEEEING.
 43592 | Depths:1 | 43592 ||| FLEEEEING.
 43593 | Depths:1 | 43593 ||| INVOKING Heroism.
 43594 | Depths:1 | 43594 ||| INVOKING Finesse.
 43674 | Depths:1 | 43674 ||| DRINKING 25 potions of curing.
 43674 | Depths:1 | 43674 ||| (to cure confusion)
 43701 | Depths:1 | 43701 ||| INVOKING Heroism.
 43707 | Depths:1 | 43707 ||| Stepping ~*~*~tactically~*~*~ (hiding).
 43737 | Depths:1 | Found a one-way gateway to a ziggurat.
 43793 | Depths:1 | Noticed a golden dragon
 44055 | Depths:1 | Found a gateway to Hell.
 44086 | Depths:1 | Found a one-way gate to the infinite horrors of the Abyss.
 44279 | Depths:2 | 44279 ||| INVOKING Heroism.
 44374 | Depths:2 | 44374 ||| Stepping ~*~*~tactically~*~*~ (hiding).
 44376 | Depths:2 | 44376 ||| INVOKING Heroism.
 44383 | Depths:2 | Received a gift from Okawaru
 44387 | Depths:2 | 44387 ||| Stepping ~*~*~tactically~*~*~ (stealth).
 44388 | Depths:2 | 44388 ||| Stepping ~*~*~tactically~*~*~ (stealth).
 44391 | Depths:2 | 44391 ||| Stepping ~*~*~tactically~*~*~ (hiding).
 44398 | Depths:2 | 44398 ||| INVOKING Finesse.
 44415 | Depths:2 | Reached skill level 20 in Armour
 44469 | Depths:2 | 44469 ||| INVOKING Heroism.
 44506 | Depths:2 | 44506 ||| Stepping ~*~*~tactically~*~*~ (stealth).
 44511 | Depths:2 | 44511 ||| INVOKING Heroism.
 44542 | Depths:2 | Noticed a caustic shrike
 44552 | Depths:2 | Killed a caustic shrike
 44553 | Depths:2 | Reached skill level 21 in Shields
 44583 | Depths:2 | Received a gift from Okawaru
 44585 | Depths:2 | 44585 ||| INVOKING Heroism.
 44610 | Depths:2 | HP: 38/153 [rakshasa/+0 trident (10)]
 44611 | Depths:2 | 44611 ||| READING 15 scrolls of teleportation.
 44616 | Depths:2 | Noticed a golden dragon
 44616 | Depths:2 | HP: 10/153 [living spell/iceblast[a walking frostbound
                  | tome] (33)]
 44617 | Depths:2 | 44617 ||| DRINKING 7 potions of heal wounds.
 44649 | Depths:2 | 44649 ||| INVOKING Heroism.
 44650 | Depths:2 | Noticed a golden dragon
 44653 | Depths:2 | Received a gift from Okawaru
 44670 | Depths:2 | Killed a golden dragon
 44770 | Depths:2 | 44770 ||| Stepping ~*~*~tactically~*~*~ (stealth).
 44780 | Depths:2 | 44780 ||| INVOKING Heroism.
 44797 | Depths:2 | Killed a golden dragon
 44844 | Depths:2 | Identified the +2 helmet of Ru's Supremacy {rF+ Dex+5}
 44861 | Depths:2 | 44861 ||| Stepping ~*~*~tactically~*~*~ (stealth).
 44966 | Depths:2 | Found Laojor's Weapon Boutique.
 44970 | Depths:2 | Found Novar's Distillery.
 44980 | Depths:2 | 44980 ||| BUYING potion of curing (33 gold).
 44980 | Depths:2 | Bought a potion of curing for 33 gold pieces
 44980 | Depths:2 | 44980 ||| BUYING potion of curing (33 gold).
 44980 | Depths:2 | Bought a potion of curing for 33 gold pieces
 44980 | Depths:2 | 44980 ||| BUYING potion of curing (33 gold).
 44980 | Depths:2 | Bought a potion of curing for 33 gold pieces
 44980 | Depths:2 | 44980 ||| BUYING potion of magic (88 gold).
 44980 | Depths:2 | Bought a potion of magic for 88 gold pieces
 44984 | Depths:2 | 44984 ||| Stepping ~*~*~tactically~*~*~ (stealth).
 44988 | Depths:2 | 44988 ||| INVOKING Heroism.
 44999 | Depths:2 | HP: 35/153 [fire giant/bolt of fire (40)]
 45000 | Depths:2 | 45000 ||| READING 16 scrolls of teleportation.
 45001 | Depths:2 | 45001 ||| DRINKING 7 potions of heal wounds.
 45014 | Depths:2 | 45014 ||| INVOKING Heroism.
 45213 | Depths:2 | 45213 ||| Stepping ~*~*~tactically~*~*~ (hiding).
 45229 | Depths:2 | Reached skill level 21 in Fighting
 45546 | Depths:2 | Found a one-way gate leading to the halls of Pandemonium.
 45553 | Depths:2 | 45553 ||| INVOKING Heroism.
 45593 | Depths:2 | 45593 ||| Stepping ~*~*~tactically~*~*~ (cloud).
 45594 | Depths:2 | 45594 ||| Stepping ~*~*~tactically~*~*~ (cloud).
 45739 | Depths:2 | 45739 ||| UPGRADING to +0 gold dragon scales.
 45749 | Depths:2 | 45749 ||| DROPPING +0 ice dragon scales.
 45750 | Depths:2 | 45750 ||| DROPPING +0 plate armour of Xeihoug {rPois rF+
                  | Str+3}.
 45751 | Depths:2 | 45751 ||| DROPPING +4 plate armour of willpower.
 45752 | Depths:2 | 45752 ||| UPGRADING to +2 helmet of Ru's Supremacy {rF+
                  | Dex+5}.
 45762 | Depths:2 | 45762 ||| DROPPING +2 helmet of intelligence.
 45785 | Depths:3 | 45785 ||| Stepping ~*~*~tactically~*~*~ (hiding).
 45815 | Depths:3 | 45815 ||| INVOKING Heroism.
 45842 | Depths:3 | Noticed a golden dragon
 45845 | Depths:3 | Received a gift from Okawaru
 45846 | Depths:3 | Reached XP level 23. HP: 122/160 MP: 30/30
 45851 | Depths:3 | Noticed a caustic shrike
 45868 | Depths:3 | Killed a golden dragon
 45877 | Depths:3 | Noticed a juggernaut
 45879 | Depths:3 | Killed a caustic shrike
 45882 | Depths:3 | 45882 ||| INVOKING Heroism.
 45895 | Depths:3 | Killed a juggernaut
 45923 | Depths:3 | Received a gift from Okawaru
 45935 | Depths:3 | HP: 34/160 [titan/the air (22)]
 45936 | Depths:3 | 45936 ||| READING 15 scrolls of teleportation.
 45937 | Depths:3 | 45937 ||| DRINKING 6 potions of heal wounds.
 45939 | Depths:3 | Noticed a golden dragon
 45942 | Depths:3 | HP: 35/160 [deep troll earth mage (11)]
 45943 | Depths:3 | 45943 ||| READING 14 scrolls of teleportation.
 45944 | Depths:3 | 45944 ||| DRINKING 5 potions of heal wounds.
 45945 | Depths:3 | 45945 ||| INVOKING Heroism.
 46045 | Depths:3 | 46045 ||| Stepping ~*~*~tactically~*~*~ (hiding).
 46160 | Depths:3 | 46160 ||| INVOKING Heroism.
 46183 | Depths:3 | Reached skill level 21 in Armour
 46206 | Depths:3 | Noticed a juggernaut
 46216 | Depths:3 | 46216 ||| INVOKING Heroism.
 46223 | Depths:3 | Killed a juggernaut
 46240 | Depths:3 | Identified the staff of conjuration "Wylinenu" {rElec Str+3
                  | Int-5 SInv}
 46240 | Depths:3 | Identified the +4 robe of Vuunaev {Int+2}
 46254 | Depths:3 | 46254 ||| Stepping ~*~*~tactically~*~*~ (hiding).
 46256 | Depths:3 | 46256 ||| Stepping ~*~*~tactically~*~*~ (hiding).
 46266 | Abyss:3  | Cast into level 3 of the Abyss (a wizard)
 46283 | Abyss:3  | 46283 ||| READING scroll of enchant armour.
 46283 | Abyss:3  | 46283 ||| ENCHANTING +0 gold dragon scales.
 46308 | Abyss:3  | 46308 ||| Stepping ~*~*~tactically~*~*~ (stealth).
 46317 | Abyss:3  | Received a gift from Okawaru
 46367 | Abyss:3  | 46367 ||| Stepping ~*~*~tactically~*~*~ (stealth).
 46421 | Abyss:3  | 46421 ||| Stepping ~*~*~tactically~*~*~ (stealth).
 46423 | Abyss:3  | 46423 ||| Stepping ~*~*~tactically~*~*~ (hiding).
 46426 | Abyss:3  | Gained mutation: Your body sometimes deteriorates upon
                  | taking damage. [a neqoxec]
 46441 | Abyss:3  | 46441 ||| INVOKING Heroism.
 46473 | Abyss:3  | Reached skill level 22 in Armour
 46475 | Depths:3 | Escaped the Abyss
 46489 | Depths:3 | 46489 ||| INVOKING Heroism.
 46553 | Depths:3 | 46553 ||| INVOKING Heroism.
 46554 | Depths:3 | 46554 ||| Stepping ~*~*~tactically~*~*~ (hiding).
 46566 | Depths:3 | Killed a golden dragon
 46577 | Depths:3 | HP: 6/160 [living spell/crystal spear[a walking crystal
                  | tome] (70)]
 46578 | Depths:3 | 46578 ||| READING 13 scrolls of teleportation.
 46578 | Depths:3 | Killed from afar by a living spell

Levels and vault maps discovered:
D:1:      dpeg_arrival_circle_labyrinth_b, layout_loops_corners, serial_shops,
          nicolae_shop_waterfront, shop, shop, nicolae_book_shop_shelving,
          shop_fountains, minivault_26, serial_bayou_lake_a
D:2:      layout_loops_cross
D:3:      layout_loops_ring, cheibrodos_sewer_entry_bend, serial_bayou_lagoon_a
D:4:      layout_basic, uniq_eustachio
D:5:      minmay_razor_zed, layout_layer_cave, vehumet_crystals,
          minmay_temple_entry_poolview
D:6:      layout_basic, kennysheep_slug_shrine, minmay_checkerbox,
          uniq_menkaure, uniq_prince_ribbit1
D:7:      layout_layer_cave, mainiacjoe_overflow_tiny_flanked,
          nicolae_dithmenos_through_a_glass_darkly,
          nicolae_ossuary_entry_monument, hangedman_decor_lopped,
          kennysheep_generic_room_8, uniq_maggie
D:8:      layout_gridville, erik_lair_island, dreamdust_gnoll_shepherd
D:9:      layout_loops_ring, hiddenorc2_lemuel, amcnicky_mini_pool_small,
          minmay_misc_feat_more_columns
D:10:     layout_rooms, special_room [special_room_orc], serial_nicolae_subway,
          nicolae_sub_station_metal, nicolae_sub_station_crystal,
          nicolae_sub_station_stone
D:11:     layout_long_grid
D:12:     layout_rooms, serial_shops, shop, minivault_14
D:13:     layout_roguey, lightli_vaults_fourway_checkpoint, uniq_erolcha,
          uniq_rupert
D:14:     layout_irregular_city, trove_entry_hex_spiral,
          nicolae_elyvilon_temple_path, uniq_kirke
D:15:     gammafunk_depths_entry_grave, layout_small_grid, uniq_josephine,
          uniq_louise
Temple:   nicolae_temple_no_exploring_needed
Lair:1:   layout_gridlike, grunt_megastairs_4, infiniplex_staircase_pool_2
Lair:2:   layout_chaotic_city, minmay_shoals_entry_lonely_mermaid,
          nicolae_spider_entry_lesser_pyramids, serial_bayou,
          serial_bayou_shore_b, serial_bayou_lagoon_b, serial_bayou_pond_b,
          serial_bayou_crossing, serial_bayou_shore_b, serial_bayou_pond_e,
          uniq_amaemon, uniq_gastronok
Lair:3:   layout_chaotic_city, grunt_megastairs_1
Lair:4:   layout_loops_ring, grunt_megastairs_3
Lair:5:   hangedman_lair_tendril_chambers, layout_layer_cave, slime_entry_2,
          basic_altar, lemuel_old_faithful, lemuel_fruit_fields,
          serial_bayou_shore_a
Shoals:1: layout_shoals, portal_ice_cave_entry_ugly_swarm,
          nicolae_splish_splash, uniq_mlioglotl
Shoals:2: layout_shoals, uniq_ilsuiw
Shoals:3: layout_shoals, uniq_mara
Shoals:4: shoals_end_grunt_ice, layout_shoals, shoals_ilsuiw_ice,
          lemuel_centaur_altar
Spider:1: layout_spider_delve, nicolae_spider_some_kinda_spiderbox
Spider:2: layout_spider_delve
Spider:3: layout_chambers, uniq_arachne
Spider:4: grunt_spider_rune_parallel, nicolae_spider_solar_radiation
Orc:1:    layout_caves, rock_pile, uniq_snorg
Orc:2:    grunt_orc_community_town_hall, layout_caves,
          grunt_orc_community_big_house_2, grunt_orc_community_big_house_1,
          grunt_orc_community_house_3, grunt_orc_community_house_1,
          grunt_orc_community_house_3, grunt_orc_community_house_2,
          grunt_orc_community_house_1, gammafunk_ghost_wrathful_warriors,
          nicolae_orc_pool_cavern, david_defended_altar_orc
Vaults:1: nicolae_vaults_antechamber_and_loot_room,
          vaults_room_grunt_arrival_ludios, v_rooms_2, hangedman_vaults_nails,
          nicolae_vaults_hallways_thing, nicolae_vaults_rhombus_7,
          nicolae_vaults_puzzle_piece, nicolae_vaults_wrenched,
          nicolae_vaults_twisting_passages, nicolae_vaults_trapezoid_lopsided_3,
          nicolae_vaults_big_angled_halls, nicolae_vaults_tetromino_L_2,
          layout_vaults_big_cross
Vaults:2: minmay_crypt_entry_simple_walls, grunt_vaults_swirl,
          nicolae_vaults_network_periphery, v_misc_22, vaults_room_fancy_cross,
          st_more_cells, nicolae_vaults_tetromino_T_1,
          nicolae_vaults_door_testing_chamber, vaults_room_door_hall,
          layout_vaults_big_room
Vaults:3: gammafunk_ghost_split, nicolae_vaults_inception_statues,
          hangedman_vaults_hat, nicolae_vaults_meiosis,
          hangedman_vaults_restitches, vaults_dpeg_spiral,
          nicolae_vaults_little_squares_6, hangedman_vaults_trim,
          nicolae_vaults_shipping_containers_4, nicolae_vaults_layer_cake_slice,
          nicolae_vaults_apartment_1, layout_vaults_maze_snakey, serial_shops,
          nicolae_shop_just_a_little_nook
Vaults:4: grunt_vaults_focal, nicolae_vaults_doubleplus_tesselated,
          nicolae_vaults_network_s, grunt_vaults_trifunnel,
          nicolae_vaults_ellipses_ellipsis, nicolae_vaults_angled_halls,
          v_alt_pattern_3, v_misc_4, dpeg_vaults_hating_casters,
          nicolae_vaults_trapezoid_lopsided_1, vaults_dpeg_cross,
          nicolae_vaults_more_shelving_1, nicolae_vaults_hexular_roomagon,
          layout_vaults_ring, serial_shops, shop, uniq_margery, uniq_mennas
Depths:1: layout_gridlike, enter_ziggurat_b, kiku_gazebo_garden_becter,
          abyss_entry, pf_coc_iceberg, fountainhead, lightli_gold_pyramid
Depths:2: nicolae_legendary_halls, layout_cave_pools, rand_demon_pan_entry_9,
          grunt_hell_entry_dis_old, minmay_shop_star
Depths:3: minmay_heptahexagon, layout_cave_shapes, abyss_entry,
          ebering_ghost_reflecting_pool, minmay_tree_intersection,
          pf_hell_entry_great_geh, nicolae_ashenzari_panopticon

Skill      XL: |  1  2  3  4  5  6  7  8  9 10 11 12 13 14 15 16 17 18 19 20 21 22 23 |
---------------+----------------------------------------------------------------------+-----
Axes           | 2 3 4 5 7 8 9 11 12 13 14 15 17 18 | 18.0
Fighting       | 4 5 6 7 8 9 10 11 12 13 15 16 18 19 21 | 21.0
Dodging        | 1 2 3 4 5 6 7 |  7.8
Armour         | 4 6 8 9 10 11 12 13 14 16 17 19 20 22 | 22.0
Invocations    | 4 5 9 10 | 10.0
Throwing       | 1 2 4 5 7 8 9 10 11 | 11.1
Shields        | 4 5 6 11 15 16 17 18 19 20 21 | 21.0

Action                     |  1- 3 |  4- 6 |  7- 9 | 10-12 | 13-15 | 16-18 | 19-21 | 22-24 || total
---------------------------+-------+-------+-------+-------+-------+-------+-------+-------++-------
  Melee: War axe           |   124 |   169 |   385 |   439 |   129 |       |       |       ||  1246
         Hand axe          |       |       |       |    20 |    35 |       |       |       ||    55
         Broad axe         |       |       |       |       |  1164 |  1857 |  1719 |  1048 ||  5788
  Throw: Boomerang         |       |    13 |    42 |     6 |    37 |   188 |    96 |    34 ||   416
         Javelin           |       |       |       |       |     8 |    44 |    68 |    24 ||   144
 Invoke: Heroism           |       |       |     8 |    31 |    26 |    36 |    23 |    21 ||   145
         Finesse           |       |       |       |       |     5 |     8 |     8 |     4 ||    25
    Use: Scroll            |     4 |    11 |     7 |     4 |     5 |     5 |     5 |     6 ||    47
         Potion            |       |     2 |     3 |     4 |     4 |     3 |     1 |     5 ||    22
   Stab: Distracted        |       |       |       |       |     1 |       |       |       ||     1
 Armour: Scale mail        |    56 |   110 |     8 |       |       |       |       |       ||   174
         Chain mail        |       |       |    85 |       |       |       |       |       ||    85
         Plate armour      |       |       |    47 |   309 |   454 |   416 |   321 |   141 ||  1688
         Gold dragon scale |       |       |       |       |       |       |       |    93 ||    93
  Dodge: Dodged            |    55 |    82 |    74 |   185 |   418 |   337 |   246 |   169 ||  1566
  Block: Buckler           |    15 |    36 |   142 |   248 |    15 |       |       |       ||   456
         Reflection        |       |       |     5 |     1 |    38 |    49 |    59 |    36 ||   188
         Tower shield      |       |       |       |       |  1390 |  1525 |  1080 |   798 ||  4793

Table legend:
 A = Non-vault XP
 B = Vault XP
 C = Vault XP percentage of total XP
 D = Non-vault monster count
 E = Vault monster count
 F = Vault count percentage of total count
                 A         B        C        D         E       F
            +---------+---------+-------+---------+---------+-------
      Total |  456400 |  333458 |  42.2 |    1163 |     665 |  36.4
            +---------+---------+-------+---------+---------+-------
        D:1 |      41 |       0 |   0.0 |      23 |       0 |   0.0
        D:2 |      62 |       0 |   0.0 |      23 |       0 |   0.0
        D:3 |      82 |      15 |  15.5 |      18 |       3 |  14.3
        D:4 |     134 |     208 |  60.8 |      12 |       1 |   7.7
        D:5 |     584 |     250 |  30.0 |      23 |       9 |  28.1
        D:6 |     978 |     752 |  43.5 |      32 |       7 |  17.9
        D:7 |     963 |     553 |  36.5 |      26 |       2 |   7.1
        D:8 |     715 |    1543 |  68.3 |      14 |      12 |  46.2
        D:9 |    1768 |     561 |  24.1 |      20 |      31 |  60.8
       D:10 |    4534 |     632 |  12.2 |      34 |      27 |  44.3
       D:11 |    4148 |       0 |   0.0 |      13 |       0 |   0.0
       D:12 |    7016 |       0 |   0.0 |      45 |       0 |   0.0
       D:13 |    9947 |    9672 |  49.3 |      32 |      14 |  30.4
       D:14 |    7612 |    2504 |  24.8 |      18 |       6 |  25.0
       D:15 |   16487 |    7291 |  30.7 |      34 |      15 |  30.6
     Lair:1 |    2635 |    1711 |  39.4 |      10 |      10 |  50.0
     Lair:2 |    3612 |    5044 |  58.3 |      15 |      10 |  40.0
     Lair:3 |    4188 |    1284 |  23.5 |      20 |       3 |  13.0
     Lair:4 |    8964 |    2183 |  19.6 |      38 |       4 |   9.5
     Lair:5 |   14709 |    9841 |  40.1 |      35 |      38 |  52.1
   Shoals:1 |   16869 |   11732 |  41.0 |      28 |      17 |  37.8
   Shoals:2 |   18520 |    3575 |  16.2 |      40 |       6 |  13.0
   Shoals:3 |   17695 |    4394 |  19.9 |      34 |       1 |   2.9
   Shoals:4 |   21899 |   22668 |  50.9 |      46 |      40 |  46.5
   Spider:1 |   19006 |    5626 |  22.8 |      57 |      11 |  16.2
   Spider:2 |   18709 |       0 |   0.0 |      44 |       0 |   0.0
   Spider:3 |   14211 |    2277 |  13.8 |      26 |       1 |   3.7
   Spider:4 |   17415 |   19937 |  53.4 |      42 |      38 |  47.5
      Orc:1 |    3518 |    1779 |  33.6 |      25 |       5 |  16.7
      Orc:2 |    4428 |    6413 |  59.2 |      36 |      75 |  67.6
   Vaults:1 |   31812 |   20578 |  39.3 |      51 |      29 |  36.2
   Vaults:2 |   46527 |   25822 |  35.7 |      64 |      31 |  32.6
   Vaults:3 |   24664 |   30061 |  54.9 |      38 |      42 |  52.5
   Vaults:4 |   27839 |   42485 |  60.4 |      38 |      46 |  54.8
   Depths:1 |   21567 |       0 |   0.0 |      26 |       0 |   0.0
   Depths:2 |   19591 |   35873 |  64.7 |      22 |      30 |  57.7
   Depths:3 |   21095 |   49338 |  70.0 |      20 |      33 |  62.3
    Abyss:2 |    9804 |       0 |   0.0 |      20 |       0 |   0.0
    Abyss:3 |   12052 |    6372 |  34.6 |      21 |       5 |  19.2
      Sewer |       0 |     100 | 100.0 |       0 |      25 | 100.0
    Ossuary |       0 |     384 | 100.0 |       0 |      38 | 100.0
            +---------+---------+-------+---------+---------+-------
